 Dungeon Crawl Stone Soup version 0.30-a0-223-gcb0039aa0c (webtiles) character file.

Game seed: 3904141158984973996

1463279 sleeves the Unseen (level 27, 221/221 HPs)
             Began as a Gnoll Enchanter on Oct 9, 2022.
             Was the Champion of Wu Jian.
             Escaped with the Orb
             ... and 3 runes on Oct 10, 2022!
             The game lasted 05:05:52 (96259 turns).

sleeves the Unseen (Gnoll Enchanter)               Turns: 96259, Time: 05:05:52

Health: 221/221    AC: 31    Str: 13 (19) XL:     27
Magic:  46/46      EV: 18    Int: 24 (26) God:    Wu Jian [******]
Gold:   4606       SH: 10    Dex: 16 (19) Spells: 8/65 levels left

rFire   + + +      SeeInvis +    U - +2 Maxwell's thermic engine {flame, freeze}
rCold   + . .      Faith    .    e - +1 buckler {rF+}
rNeg    + . .      Spirit   .    C - +7 Kryia's mail coat {PotionHeal*2 rC+}
rPois   .          Reflect  .    B - +3 crown of Dyrovepreva {rElec Int+2 SInv}
rElec   +          Harm     .    V - +2 cloak {Will+}
rCorr   .          Rampage  .    c - +2 pair of gloves {Str+3}
Will    ++++.                    I - +1 pair of boots of Nesem {rElec rF++ Str+3 Int-3}
Stlth   ++........               Q - amulet of regeneration
HPRegen 1.36/turn                S - ring "Hoit" {rN+ Int+6 Dex+4}
MPRegen 0.30/turn                E - ring of willpower

@: studying 2 skills
A: fangs 1, strong nose, distributed training
0: Orb of Zot
}: 3/15 runes: serpentine, slimy, silver
a: Renounce Religion, Wall Jump, Serpent's Lash, Heavenly Storm


You escaped.
You worshipped Wu Jian.
Wu Jian was exalted by your worship.
You visited 12 branches of the dungeon, and saw 56 of its levels.
You also visited: Bailey, Gauntlet, Wizlab and Desolation.

You collected 9237 gold pieces.
You spent 4631 gold pieces at shops.

Inventory:

Hand Weapons
 a - the +8 Vampire's Tooth {vamp}
   (You found it on level 4 of the Depths)

   It occasionally heals its wielder for the full amount of damage dealt when it
   wounds a living foe.
 b - the +18 lance "Wyrmbane" {slay drac, rPois rF+ rC+ AC+3}
   (You found it on level 4 of the Lair of Beasts)

   It inflicts extra damage against dragons and draconians.
   AC:        It affects your AC (+3).
   rF:        It protects you from fire.
   rC:        It protects you from cold.
   rPois:     It protects you from poison.
 U - the +2 Maxwell's thermic engine (weapon) {flame, freeze}
   (You found it in a wizard's laboratory)

   It burns those it strikes, dealing additional fire damage.
   Big, fiery blades are also staple armaments of hydra-hunters.
   It freezes those it strikes, dealing additional cold damage.
   It can also slow down cold-blooded creatures.
   It becomes more effective when it hits something.
   This effect fades over time.
 Z - the +8 autumn katana {vorpal, manifold assault}
   (You found it in the Desolation of Salt)

   It sometimes launches melee attacks against multiple visible enemies.
Missiles
 O - 11 silver javelins
Armour
 c - a +2 pair of gloves of strength (worn)
   (You found it on level 5 of the Pits of Slime)
 e - a +1 buckler of fire resistance (worn)
   (You took it off a tengu warrior on level 14 of the Dungeon)
 B - the +3 crown of Dyrovepreva (worn) {rElec Int+2 SInv}
   (You bought it in a shop on level 4 of the Vaults)

   Int:       It affects your intelligence (+2).
   rElec:     It insulates you from electricity.
   SInv:      It lets you see invisible.
 C - the +7 Kryia's mail coat (worn) {PotionHeal*2 rC+}
   (You found it on level 6 of the Dungeon)

   Potions are twice as effective at healing its wearer.
   rC:        It protects you from cold.
 I - the +1 pair of boots of Nesem (worn) {rElec rF++ Str+3 Int-3}
   (You found it on level 3 of the Elven Halls)

   Str:       It affects your strength (+3).
   Int:       It affects your intelligence (-3).
   rF:        It greatly protects you from fire.
   rElec:     It insulates you from electricity.
 V - a +2 cloak of willpower (worn)
   (You took it off a draconian shifter on level 3 of the Realm of Zot)
 X - the +3 pair of mountain boots {steadfast, rC+}
   (You acquired it on level 1 of the Lair of Beasts)

   It prevents involuntary movement, except for blinking, teleportation, or
   banishment.
   rC:        It protects you from cold.
Jewellery
 z - the ring of Quel {rF+ Int+4}
   (You acquired it on level 1 of the Lair of Beasts)

   [ring of protection from fire]

   Int:       It affects your intelligence (+4).
   rF:        It protects you from fire.
 E - a ring of willpower (right hand)
   (You found it on level 4 of the Vaults)
 K - a ring of protection from cold
   (You found it on level 1 of the Crypt)
 Q - an amulet of regeneration (around neck)
   (You found it on level 2 of the Snake Pit)
 S - the ring "Hoit" (left hand) {rN+ Int+6 Dex+4}
   (You found it on level 1 of the Depths)

   [ring of positive energy]

   Int:       It affects your intelligence (+6).
   Dex:       It affects your dexterity (+4).
   rN:        It protects you from negative energy.
 W - the ring "Ethomnea" {rElec rPois rCorr Int+4}
   (You found it in a wizard's laboratory)

   [ring of poison resistance]

   Int:       It affects your intelligence (+4).
   rElec:     It insulates you from electricity.
   rPois:     It protects you from poison.
   rCorr:     It protects you from acid and corrosion.
Wands
 x - a wand of quicksilver (20)
   (You found it on level 5 of the Dungeon)
 G - a wand of digging (14)
   (You found it on level 13 of the Dungeon)
 Y - a wand of roots (44)
   (You found it on level 1 of the Lair of Beasts)
Scrolls
 d - 2 scrolls of brand weapon
 g - 7 scrolls of enchant armour
 i - 10 scrolls of enchant weapon
 l - 10 scrolls of amnesia
 p - 3 scrolls of summoning
 u - 16 scrolls of teleportation
 w - 2 scrolls of blinking
 y - a scroll of magic mapping
 D - 2 scrolls of silence
 J - 3 scrolls of poison
 L - 2 scrolls of fear
 P - 6 scrolls of butterflies
 T - 9 scrolls of immolation
Potions
 f - 15 potions of flight
 h - 25 potions of curing
 j - 3 potions of invisibility
 k - 27 potions of mutation
 o - 5 potions of cancellation
 q - 2 potions of haste
 r - 9 potions of magic
 s - 4 potions of resistance
 v - 3 potions of might
 A - 3 potions of heal wounds
 H - 14 potions of brilliance
 N - 7 potions of berserk rage
Miscellaneous
 m - a phantom mirror
   (You found it on level 4 of the Lair of Beasts)
 t - a tin of tremorstones (2/2)
   (You found it on level 1 of the Snake Pit)
 F - a condenser vane
   (You found it in the Desolation of Salt)
 M - a lightning rod (4/4)
   (You found it on level 9 of the Dungeon)
 R - a phial of floods
   (You found it in a bailey)


   Skills:
 + Level 19.1 Fighting
 + Level 19.3 Short Blades
 + Level 19.1 Long Blades
 + Level 19.1 Axes
 + Level 19.1 Maces & Flails
 + Level 19.1 Polearms
 + Level 19.1 Staves
 + Level 19.1 Ranged Weapons
 + Level 19.1 Throwing
 + Level 19.1 Armour
 + Level 19.6 Dodging
 + Level 20.9 Stealth
 + Level 19.1 Shields
 + Level 19.1 Unarmed Combat
 + Level 19.7 Spellcasting
 + Level 16.3 Conjurations
 + Level 17.1 Hexes
 + Level 17.2 Summonings
 + Level 16.3 Necromancy
 + Level 16.3 Translocations
 + Level 16.3 Transmutations
 + Level 16.3 Fire Magic
 + Level 16.3 Ice Magic
 + Level 16.3 Air Magic
 + Level 16.3 Earth Magic
 + Level 16.3 Poison Magic
 + Level 20.6 Invocations
 + Level 19.1 Evocations


You had 8 spell levels left.
You knew the following spells:

 Your Spells              Type           Power      Damage    Failure   Level
a - Lehudib's Crystal Sp  Conj/Erth      40%        10d10     38%         8
b - Enfeeble              Hex            41%        N/A       4%          7
c - Spellforged Servitor  Conj/Summ      40%        N/A       4%          7
d - Swiftness             Air            80%        N/A       1%          3
e - Iron Shot             Conj/Erth      40%        9d8       1%          6
f - Alistair's Intoxicat  Tmut/Pois      53%        N/A       1%          5
i - Passage of Golubria   Tloc           80%        N/A       1%          4
j - Dispersal             Tloc           40%        N/A       1%          6
k - Manifold Assault      Tloc           80%        N/A       1%          4
l - Malign Gateway        Summ/Tloc      40%        N/A       4%          7

Your spell library contained the following spells:

 Spells                   Type           Power      Damage    Failure   Level
 Apportation              Tloc           100%       N/A       0%          1
 Beastly Appendage        Tmut           100%       N/A       0%          1
 Foxfire                  Conj/Fire      100%       2x1d9     0%          1
 Necrotise                Necr           100%       1d9       0%          1
 Sandblast                Erth           100%       2d20      0%          1
 Sting                    Tmut/Pois      100%       1d8       0%          1
 Summon Small Mammal      Summ           100%       N/A       0%          1
 Blink                    Tloc           100%       N/A       0%          2
 Cigotuvi's Dreadful Rot  Necr/Pois/Air  100%       N/A       0%          2
 Ensorcelled Hibernation  Hex/Ice        100%       N/A       0%          2
 Passwall                 Tmut/Erth      66%        N/A       0%          2
 Poisonous Vapours        Pois/Air       100%       N/A       0%          2
 Scorch                   Fire           100%       2d10      0%          2
 Sublimation of Blood     Necr           80%        N/A       0%          2
 Wereblood                Tmut           80%        N/A       0%          2
 Call Canine Familiar     Summ           82%        N/A       0%          3
 Confusing Touch          Hex            82%        N/A       0%          3
 Dazzling Flash           Conj/Hex       100%       N/A       0%          3
 Inner Flame              Hex/Fire       81%        N/A       0%          3
 Portal Projectile        Hex/Tloc       100%       N/A       0%          3
 Summon Guardian Golem    Hex/Summ       82%        N/A       0%          3
 Tukima's Dance           Hex            82%        N/A       0%          3
 Frozen Ramparts          Ice            100%       1d16      1%          3
 Hailstorm                Conj/Ice       80%        3d16      1%          3
 Ignite Poison            Fire/Tmut/Pois 80%        N/A       1%          3
 Kindle Blastsparks       Fire/Tloc/Air  100%       2d18      1%          3
 Spider Form              Tmut/Pois      80%        N/A       1%          3
 Stone Arrow              Conj/Erth      100%       3d13      1%          3
 Vampiric Draining        Necr           80%        2d11      1%          3
 Anguish                  Hex/Necr       40%        N/A       1%          4
 Animate Armour           Summ/Erth      100%       N/A       1%          4
 Animate Dead             Necr           80%        N/A       1%          4
 Cause Fear               Hex            41%        N/A       1%          4
 Flame Wave               Conj/Fire      80%        2d17      1%          4
 Fulminant Prism          Conj/Hex       40%        3d20      1%          4
 Ice Form                 Ice/Tmut       80%        N/A       1%          4
 Iskenderun's Mystic Bla  Conj/Tloc      80%        2d16      1%          4
 Leda's Liquefaction      Hex/Erth       40%        N/A       1%          4
 Olgreb's Toxic Radiance  Pois           80%        N/A       1%          4
 Petrify                  Tmut/Erth      80%        N/A       1%          4
 Summon Ice Beast         Ice/Summ       81%        N/A       1%          4
 Agony                    Necr           80%        N/A       1%          5
 Arcjolt                  Conj/Air       40%        1d50      1%          5
 Blade Hands              Tmut           40%        N/A       1%          5
 Borgnjor's Vile Clutch   Necr/Erth      40%        N/A       1%          5
 Fireball                 Conj/Fire      40%        3d16      1%          5
 Freezing Cloud           Conj/Ice/Air   40%        6-21      1%          5
 Irradiate                Conj/Tmut      40%        3d25      1%          5
 Iskenderun's Battlesphe  Conj           80%        2d13      1%          5
 Lee's Rapid Deconstruct  Erth           40%        3d21*     1%          5
 Lightning Bolt           Conj/Air       40%        1d59      1%          5
 Silence                  Hex/Air        40%        N/A       1%          5
 Summon Forest            Summ/Tloc      40%        N/A       1%          5
 Summon Mana Viper        Hex/Summ       82%        N/A       1%          5
 Yara's Violent Unravell  Hex/Tmut       40%        3d16      1%          5
 Conjure Ball Lightning   Conj/Air       40%        3x3d13    1%          6
 Eringya's Noxious Bog    Tmut/Pois      40%        N/A       1%          6
 Simulacrum               Ice/Necr       40%        N/A       1%          6
 Starburst                Conj/Fire      40%        6d11      1%          6
 Statue Form              Tmut/Erth      53%        N/A       1%          6
 Summon Cactus Giant      Summ           41%        N/A       1%          6
 Monstrous Menagerie      Summ           41%        N/A       3%          7
 Dragon Form              Tmut           40%        N/A       5%          7
 Orb of Destruction       Conj           40%        9d11      5%          7
 Ozocubu's Refrigeration  Ice            40%        4d16      5%          7
 Storm Form               Tmut/Air       40%        N/A       5%          7
 Summon Horrible Things   Summ           41%        N/A       28%         8
 Discord                  Hex            41%        N/A       30%         8
 Disjunction              Tloc           40%        N/A       38%         8
 Ignition                 Fire           40%        3d12      38%         8
 Dragon's Call            Summ           41%        N/A       99%         9
 Chain Lightning          Conj/Air       40%        3d53      100%        9
 Fire Storm               Conj/Fire      40%        8d10      100%        9
 Shatter                  Erth           40%        3d31*     100%        9


Dungeon Overview and Level Annotations

Branches:
Dungeon (15/15)            Temple (1/1) D:6            Lair (5/5) D:11
  Swamp (4/4) Lair:2        Snake (4/4) Lair:2        Slime (5/5) Lair:5
    Orc (2/2) D:10            Elf (3/3) Orc:2        Vaults (5/5) D:13
  Crypt (3/3) Vaults:2       Tomb (0/3) Crypt:3      Depths (4/4) D:15
    Zot (5/5) Depths:4     Bailey (visited)          WizLab (visited)
Desolation (visited)      Gauntlet (visited)

Altars:
Ashenzari
Cheibriados
Dithmenos
Elyvilon
Gozag
Hepliaklqana
Kikubaaqudgha
Makhleb
Nemelex Xobeh
Okawaru
Qazlal
Ru
Sif Muna
Trog
Uskayaw
Vehumet
Wu Jian
Xom
Zin
The Shining One
Jiyva

Shops:
D:4 *   D:7 :   D:12 *   D:13 *   Orc:2 :(=!   Elf:1 (   Elf:2 :**=:
Snake:1 *(!   Snake:3 *!   Vaults:3 (   Vaults:4 [   Depths:3 ?*=*

Portals:
Hell: Depths:1 Depths:2 Depths:3 Depths:4
Abyss: Depths:1 Depths:3
Pandemonium: Depths:2
Ziggurat: Depths:4

Annotations:
D:3 2 transporters, 2 runed translucent doors, CertainDeath's ghost, amateur AtWr
D:9 3 runed translucent doors, SigmundSlayer's ghost, journeyman OgHu; SigmundSlayer's ghost, novice GnGl; heikuro's ghost, journeyman FoFi
D:10 2 transporters, Akari934's ghost, journeyman HOBe
Lair:1 exclusion: downstairs
Swamp:2 3 runed translucent doors, Deodd's ghost, adept GrFi
Swamp:4 Lernaean hydra
Snake:4 Vashnia
Orc:1 Erica
Vaults:4 2 transporters, exclusion: obsidian statue
Depths:3 exclusion: downstairs
Depths:4 exclusion: upstairs


Innate Abilities, Weirdness & Mutations

You have very sharp teeth.
Your uncanny sense of smell can sniff out nearby items.
Your experience applies equally to all skills.


Message History

The Orb Guardian hits you.
You miss the Orb Guardian.
The Orb Guardian is almost dead.
The Orb Guardian hits you but does no damage.
You slash the Orb Guardian! You burn the Orb Guardian.
You kill the Orb Guardian!
The Council accepts your kill.
You feel your intelligence returning.
You start resting.
HP restored.
You start resting.
Magic restored.
An Orb Guardian comes into view.
An Orb Guardian is nearby!
You hear a loud "Zot"!
The power of Zot is invoked against you!
You are contaminated with residual magic.
You feel magically purged.
You feel slightly less contaminated with magical energies.
Unknown command.
You feel magically purged.
You feel less contaminated with magical energies.
You hit the Orb Guardian. You burn the Orb Guardian.
You freeze the Orb Guardian.
The Orb Guardian is lightly wounded.
You block the Orb Guardian's attack.
You closely miss the Orb Guardian.
The Orb Guardian is lightly wounded.
The Orb Guardian barely misses you.
You miss the Orb Guardian.
The Orb Guardian is lightly wounded.
You block the Orb Guardian's attack.
You hit the Orb Guardian. You burn the Orb Guardian.
You freeze the Orb Guardian.
The Orb Guardian is lightly wounded.
The Orb Guardian hits you but does no damage.
You closely miss the Orb Guardian. Your bite misses the Orb Guardian.
The Orb Guardian is lightly wounded.
The Orb Guardian hits you!!
You hit the Orb Guardian. You burn the Orb Guardian.
You freeze the Orb Guardian.
The Orb Guardian is lightly wounded.
The Orb Guardian hits you.
You hit the Orb Guardian but do no damage.
You freeze the Orb Guardian. Your bite misses the Orb Guardian.
The Orb Guardian is lightly wounded.
The Orb Guardian hits you but does no damage.
You slash the Orb Guardian! You burn the Orb Guardian.
You freeze the Orb Guardian.
You bite the Orb Guardian, but do no damage.
The Orb Guardian is heavily wounded.
The Orb Guardian hits you!
You barely miss the Orb Guardian.
The Orb Guardian is moderately wounded.
The Orb Guardian hits you!
You hit the Orb Guardian but do no damage.
You freeze the Orb Guardian.
The Orb Guardian is heavily wounded.
The Orb Guardian hits you!!
You slash the Orb Guardian! You burn the Orb Guardian.
You freeze the Orb Guardian.
You bite the Orb Guardian, but do no damage.
The Orb Guardian is heavily wounded.
The Orb Guardian hits you but does no damage.
You slice the Orb Guardian!! You burn the Orb Guardian!
You freeze the Orb Guardian.
You kill the Orb Guardian!
The Council accepts your kill.
No target in view!
No target in view!
You start resting.
An Orb Guardian comes into view.
An Orb Guardian comes into view.
Found 27 gold pieces.
You lunge at the Orb Guardian.
You slice the Orb Guardian!! You burn the Orb Guardian.
You freeze the Orb Guardian.
The Orb Guardian is moderately wounded.
The Orb Guardian hits you!
Space momentarily warps into an impossible shape!
You slice the Orb Guardian!! You burn the Orb Guardian!
You freeze the Orb Guardian. You slice the Orb Guardian!!
You burn the Orb Guardian. You freeze the Orb Guardian.
The Orb Guardian barely misses you.
Space momentarily warps into an impossible shape!
You slice the Orb Guardian!! You burn the Orb Guardian.
You freeze the Orb Guardian.
You kill the Orb Guardian!
The Council accepts your kill.
You barely miss the Orb Guardian. The Orb Guardian hits you!!
You are too injured to fight recklessly!
You slash the Orb Guardian! You burn the Orb Guardian.
You kill the Orb Guardian!
The Council accepts your kill.
You feel your dexterity returning.
An Orb Guardian comes into view. x2
The engine shudders to a halt.
You feel strangely empty.
a - the +8 Vampire's Tooth (weapon)
{vamp}
Casting: Manifold Assault (safe; 1% risk of failure)
Confirm with . or Enter, or press ? or * to list all spells.
You summon a servant imbued with your destructive magic!
An Orb Guardian comes into view.
The Orb Guardian moves out of view.
Casting: Spellforged Servitor (dangerous; 5% risk of failure)
Confirm with . or Enter, or press ? or * to list all spells.
Aiming: Enfeeble (dangerous; 4% risk of failure)
Press: ? - help, Shift-Dir - straight line, f - Orb Guardian
Aim: an Orb Guardian (ally target, will inflict weakness, chance to daze and blind: 47%)
The Orb Guardian partially resists.
The Orb Guardian is enfeebled!
The Orb Guardian hits you!
Casting: Enfeeble (dangerous; 4% risk of failure)
Confirm with . or Enter, or press ? or * to list all spells.
Aiming: Enfeeble (dangerous; 4% risk of failure)
Press: ? - help, Shift-Dir - straight line, f - Orb Guardian, p - Orb Guardian
Aim: an Orb Guardian (will inflict weakness, chance to daze and blind: 47%)
The Orb Guardian partially resists.
The Orb Guardian is enfeebled!
You block the Orb Guardian's attack. x2
Your spellforged servitor casts a spell at the Orb Guardian.
The crystal spear misses the Orb Guardian.
You hit the Orb Guardian but do no damage.
Your bite misses the Orb Guardian. The Orb Guardian hits you.
Casting: Enfeeble (dangerous; 4% risk of failure)
Confirm with . or Enter, or press ? or * to list all spells.
Aiming: Enfeeble (dangerous; 4% risk of failure)
Press: ? - help, Shift-Dir - straight line, f/p - Orb Guardian
Aim: an Orb Guardian (weak, will inflict weakness, chance to daze and blind: 47%)
The Orb Guardian partially resists.
The Orb Guardian is enfeebled!
The Orb Guardian hits you but does no damage.
You block the Orb Guardian's attack.
Casting: Enfeeble (dangerous; 4% risk of failure)
Confirm with . or Enter, or press ? or * to list all spells.
Aiming: Enfeeble (dangerous; 4% risk of failure)
Press: ? - help, Shift-Dir - straight line, f - Orb Guardian, p - Orb Guardian
Aim: an Orb Guardian (will inflict weakness, chance to daze and blind: 47%)
The Orb Guardian partially resists.
The Orb Guardian is enfeebled!
* * * LOW MAGIC WARNING * * *
The Orb Guardian completely misses you. x2; The Orb Guardian barely misses you.
Your spellforged servitor casts a spell at the Orb Guardian.
The crystal spear hits the Orb Guardian!!!
You block the Orb Guardian's attack.
An Orb Guardian comes into view.
You puncture the Orb Guardian!
You bite the Orb Guardian, but do no damage.
The Orb Guardian is severely wounded.
The Orb Guardian hits you but does no damage. x2
You hit the Orb Guardian but do no damage.
The Orb Guardian is severely wounded.
You hit the Orb Guardian but do no damage.
The Orb Guardian is severely wounded.
The Orb Guardian hits you but does no damage.
You block the Orb Guardian's attack.
The +7 Kryia's mail coat enhances the healing.
You feel much better. The Orb Guardian misses you.
The Orb Guardian barely misses you. You block the Orb Guardian's attack.
The Orb Guardian hits you.
You hit the Orb Guardian but do no damage.
The Orb Guardian is severely wounded.
You block the Orb Guardian's attack.
You hit the Orb Guardian but do no damage.
You bite the Orb Guardian, but do no damage.
The Orb Guardian is severely wounded.
Your spellforged servitor gestures at the Orb Guardian while chanting.
The crystal spear hits the Orb Guardian!!!
The Orb Guardian dies!
The Council accepts your kill.
The Orb Guardian hits you but does no damage.
You spin and attack the Orb Guardian repeatedly.
You hit the Orb Guardian but do no damage.
You bite the Orb Guardian.
The Orb Guardian is lightly wounded.
You barely miss the Orb Guardian.
The Orb Guardian is lightly wounded.
You puncture the Orb Guardian!
You feel better.
The Orb Guardian is lightly wounded.
The Orb Guardian is no longer weakened.
The Orb Guardian completely misses you.
The Orb Guardian hits you but does no damage.
You lunge at the Orb Guardian, in a flurry of attacks.
You closely miss the Orb Guardian.
You hit the Orb Guardian but do no damage. x2
Your bite misses the Orb Guardian.
You spin and attack the Orb Guardian repeatedly.
You hit the Orb Guardian but do no damage.
The Orb Guardian is lightly wounded.
You hit the Orb Guardian.
The Orb Guardian is lightly wounded.
You hit the Orb Guardian but do no damage.
The Orb Guardian is lightly wounded.
You hit the Orb Guardian but do no damage.
The Orb Guardian is lightly wounded.
You spin and attack the Orb Guardian repeatedly.
You hit the Orb Guardian but do no damage.
You miss the Orb Guardian. Your bite misses the Orb Guardian.
You barely miss the Orb Guardian.
You bite the Orb Guardian, but do no damage.
The Orb Guardian hits you but does no damage.
The Orb Guardian hits you!
Your spellforged servitor points at the Orb Guardian and mumbles some strange words.
The crystal spear hits the Orb Guardian!!
The Orb Guardian hits you but does no damage.
You spin and attack the Orb Guardian repeatedly.
You puncture the Orb Guardian!
You feel better.
The Orb Guardian is severely wounded.
You hit the Orb Guardian.
You feel better.
The Orb Guardian is severely wounded.
You barely miss the Orb Guardian.
You bite the Orb Guardian, but do no damage.
The Orb Guardian is severely wounded.
You spin and attack the Orb Guardian repeatedly.
You hit the Orb Guardian.
You feel better.
The Orb Guardian is lightly wounded.
You hit the Orb Guardian but do no damage.
The Orb Guardian is lightly wounded.
You miss the Orb Guardian.
The Orb Guardian is lightly wounded.
You hit the Orb Guardian but do no damage.
The Orb Guardian is lightly wounded.
You spin and attack the Orb Guardian repeatedly.
You completely miss the Orb Guardian. You barely miss the Orb Guardian.
You hit the Orb Guardian.
You feel better.
The Orb Guardian is lightly wounded.
The Orb Guardian hits you.
The Orb Guardian hits you but does no damage.
The Orb Guardian barely misses you.
You hit the Orb Guardian but do no damage.
The Orb Guardian is severely wounded.
The Orb Guardian misses you. x2
You hit the Orb Guardian but do no damage.
The Orb Guardian is severely wounded.
The Orb Guardian closely misses you.
You barely miss the Orb Guardian.
You bite the Orb Guardian, but do no damage.
The Orb Guardian is severely wounded.
The Orb Guardian is no longer weakened.
The Orb Guardian hits you!!
The Orb Guardian hits you but does no damage.
You hit the Orb Guardian. Your bite misses the Orb Guardian.
The Orb Guardian is severely wounded.
The Orb Guardian barely misses you.
You hit the Orb Guardian but do no damage.
Your bite misses the Orb Guardian.
The Orb Guardian is severely wounded.
You hit the Orb Guardian. Your bite misses the Orb Guardian.
The Orb Guardian is severely wounded.
The Orb Guardian hits you! x2
The Orb Guardian hits you but does no damage.
You spin and attack the Orb Guardian repeatedly.
You puncture the Orb Guardian!
You bite the Orb Guardian, but do no damage.
The Orb Guardian is lightly wounded.
You hit the Orb Guardian but do no damage.
The Orb Guardian is lightly wounded.
You hit the Orb Guardian. Your bite misses the Orb Guardian.
The Orb Guardian is lightly wounded.
You hit the Orb Guardian but do no damage.
The Orb Guardian is lightly wounded.
Your spellforged servitor gestures at the Orb Guardian while chanting.
The crystal spear hits the Orb Guardian.
You spin and attack the Orb Guardian repeatedly.
You hit the Orb Guardian but do no damage.
The Orb Guardian is lightly wounded.
You puncture the Orb Guardian!
The Orb Guardian is moderately wounded.
You hit the Orb Guardian.
You feel better.
Your bite misses the Orb Guardian.
The Orb Guardian is moderately wounded.
You hit the Orb Guardian but do no damage.
The Orb Guardian is moderately wounded.
The Orb Guardian closely misses you. x2
You spin and attack the Orb Guardian repeatedly.
You hit the Orb Guardian but do no damage.
Your bite misses the Orb Guardian.
The Orb Guardian is moderately wounded.
You hit the Orb Guardian but do no damage.
You bite the Orb Guardian, but do no damage.
The Orb Guardian is moderately wounded.
You closely miss the Orb Guardian.
The Orb Guardian is moderately wounded.
The Orb Guardian hits you but does no damage.
Your spellforged servitor casts a spell at the Orb Guardian.
The crystal spear hits the Orb Guardian!!!
The Orb Guardian dies!
The Council accepts your kill. The Orb Guardian completely misses you.
You hit the Orb Guardian.
The Orb Guardian is lightly wounded.
You hit the Orb Guardian.
The Orb Guardian is lightly wounded.
The Orb Guardian hits you but does no damage.
The Orb Guardian hits you!!
You hit the Orb Guardian but do no damage.
The Orb Guardian is lightly wounded.
Your magical contamination has completely faded away.
You hit the Orb Guardian. Your bite misses the Orb Guardian.
The Orb Guardian is lightly wounded.
The Orb Guardian hits you!
Your spellforged servitor casts a spell at the Orb Guardian.
The crystal spear hits the Orb Guardian!!
You catch the helpless Orb Guardian completely off-guard!
You stick the Orb Guardian like a pincushion!!!
You feel better.
You kill the Orb Guardian!
The Council accepts your kill.
You hit the Orb Guardian.
You feel better.
You bite the Orb Guardian.
The Orb Guardian is lightly wounded.
You hit the Orb Guardian.
The Orb Guardian is lightly wounded.
The Orb Guardian completely misses you.
You miss the Orb Guardian.
The Orb Guardian is lightly wounded.
You barely miss the Orb Guardian.
You bite the Orb Guardian, but do no damage.
The Orb Guardian is lightly wounded.
The Orb Guardian hits you!!
You hit the Orb Guardian but do no damage.
The Orb Guardian is lightly wounded.
You hit the Orb Guardian but do no damage.
The Orb Guardian is lightly wounded.
You hit the Orb Guardian.
You bite the Orb Guardian, but do no damage.
The Orb Guardian is lightly wounded.
You block the Orb Guardian's attack.
You hit the Orb Guardian but do no damage.
The Orb Guardian is lightly wounded.
You closely miss the Orb Guardian.
The Orb Guardian is lightly wounded.
The Orb Guardian hits you!!
You hit the Orb Guardian but do no damage.
The Orb Guardian is lightly wounded.
Your spellforged servitor casts a spell at the Orb Guardian.
The crystal spear hits the Orb Guardian!!!
You hit the Orb Guardian.
You feel better.
The Orb Guardian is severely wounded.
You hit the Orb Guardian.
The Orb Guardian is severely wounded.
You hit the Orb Guardian.
You feel better.
The Orb Guardian is severely wounded.
The Orb Guardian closely misses you.
You hit the Orb Guardian but do no damage.
The Orb Guardian is severely wounded.
You hit the Orb Guardian but do no damage.
Your bite misses the Orb Guardian.
The Orb Guardian is severely wounded.
Your spellforged servitor casts a spell at the Orb Guardian.
The crystal spear hits the Orb Guardian!!
The Orb Guardian dies!
The Council accepts your kill.
You feel your intelligence returning.
You start resting.
Your spellforged servitor disappears in a puff of smoke!
HP restored.
You start resting.
An Orb Guardian comes into view.
Found the Orb of Zot.
Casting: Enfeeble (mildly dangerous; 4% risk of failure)
Confirm with . or Enter, or press ? or * to list all spells.
You summon a servant imbued with your destructive magic!
Your spellforged servitor casts a spell at the Orb Guardian.
The crystal spear hits the Orb Guardian!!
You see here 27 gold pieces.
Found 18 gold pieces.
You lunge at the Orb Guardian, in a flurry of attacks.
You puncture the Orb Guardian!
You bite the Orb Guardian, but do no damage.
The Orb Guardian is heavily wounded.
You hit the Orb Guardian.
You bite the Orb Guardian, but do no damage.
The Orb Guardian is heavily wounded.
You puncture the Orb Guardian!
The Orb Guardian is severely wounded.
An Orb Guardian comes into view.
The Orb Guardian hits you!!
You closely miss the Orb Guardian.
You bite the Orb Guardian, but do no damage.
The Orb Guardian is severely wounded.
The Orb Guardian hits you but does no damage.
The Orb Guardian disappears!
You hit the Orb Guardian but do no damage.
The Orb Guardian is severely wounded.
You hit the Orb Guardian but do no damage.
Your bite misses the Orb Guardian.
The Orb Guardian is severely wounded.
The Orb Guardian hits you!
You hit the Orb Guardian.
You feel better.
The Orb Guardian is severely wounded.
You hit the Orb Guardian.
You feel better.
You bite the Orb Guardian, but do no damage.
The Orb Guardian is severely wounded.
You spin and attack the Orb Guardian repeatedly.
You puncture the Orb Guardian!
You feel better.
The Orb Guardian is severely wounded.
You hit the Orb Guardian but do no damage.
The Orb Guardian is severely wounded.
You hit the Orb Guardian but do no damage.
The Orb Guardian is severely wounded.
The Orb Guardian hits you. The Orb Guardian completely misses you.
You spin and attack the Orb Guardian repeatedly.
You puncture the Orb Guardian! Your bite misses the Orb Guardian.
The Orb Guardian is almost dead.
You hit the Orb Guardian but do no damage.
The Orb Guardian is almost dead.
You hit the Orb Guardian but do no damage.
The Orb Guardian is almost dead.
Your spellforged servitor gestures at the Orb Guardian while chanting.
The crystal spear misses the Orb Guardian.
The Orb Guardian misses you.
You spin and attack the Orb Guardian repeatedly.
You hit the Orb Guardian.
You bite the Orb Guardian, but do no damage.
The Orb Guardian is almost dead.
You hit the Orb Guardian.
You feel better.
The Orb Guardian is almost dead.
You hit the Orb Guardian but do no damage.
The Orb Guardian is almost dead.
The Orb Guardian misses you.
The Orb Guardian hits you but does no damage.
You hit the Orb Guardian.
The Orb Guardian is almost dead.
Your spellforged servitor points at the Orb Guardian and mumbles some strange words.
The crystal spear hits the Orb Guardian!!!
The Orb Guardian dies!
The Council accepts your kill.
You now have 4588 gold pieces (gained 27).
An Orb Guardian comes into view.
You see here the Orb of Zot.
You block the Orb Guardian's attack.
You spin and attack the Orb Guardian repeatedly.
You hit the Orb Guardian but do no damage.
You hit the Orb Guardian. Your bite misses the Orb Guardian.
The Orb Guardian is lightly wounded.
You hit the Orb Guardian but do no damage.
The Orb Guardian is lightly wounded.
Your spellforged servitor casts a spell at the Orb Guardian.
The crystal spear hits the Orb Guardian!!
The Orb Guardian hits you but does no damage.
You miss the Orb Guardian.
The Orb Guardian is moderately wounded.
You puncture the Orb Guardian! Your bite misses the Orb Guardian.
The Orb Guardian is heavily wounded.
The Orb Guardian hits you!!
You hit the Orb Guardian.
You bite the Orb Guardian, but do no damage.
The Orb Guardian is heavily wounded.
You hit the Orb Guardian but do no damage.
Your bite misses the Orb Guardian.
The Orb Guardian is heavily wounded.
The Orb Guardian hits you but does no damage.
You closely miss the Orb Guardian.
The Orb Guardian is heavily wounded.
Your spellforged servitor gestures at the Orb Guardian while chanting.
The crystal spear hits the Orb Guardian!!
You hit the Orb Guardian.
You feel better.
The Orb Guardian is almost dead.
You hit the Orb Guardian but do no damage.
The Orb Guardian is almost dead.
The Orb Guardian barely misses you.
You hit the Orb Guardian.
You feel better.
You kill the Orb Guardian!
The Council accepts your kill.
You now have 4606 gold pieces (gained 18).
You swap places.
You start resting.
Your spellforged servitor disappears in a puff of smoke!
Magic restored.
You see here the Orb of Zot.
You feel yourself speed up.
You pick up the Orb of Zot!
The Orb lets out a hideous shriek!
The lords of Pandemonium are not amused.
Beware!
Now all you have to do is get back out of the dungeon!
You hear a deafening roar!
You hear a roar!
Really walk into that permanent teleport trap?
You enter a permanent teleport trap!
Your surroundings suddenly seem different.
You see here a +8 club of electrocution.
An Orb Guardian comes into view.
The Orb Guardian moves out of view.
Your extra speed is starting to run out.
You feel yourself slow down.
An Orb Guardian is nearby!
An Orb Guardian is nearby!
An Orb Guardian is nearby!
There is an open door, spattered with blood here.
There is a stone staircase leading up, spattered with blood here.
There are no items here.
Unknown command.
The Orb Guardian hits you.
You climb upwards.
There is a stone staircase leading down here.
Casting: Spellforged Servitor (dangerous; 4% risk of failure)
Confirm with . or Enter, or press ? or * to list all spells.
Aiming: Enfeeble (mildly dangerous; 4% risk of failure)
Press: ? - help, Shift-Dir - straight line, f - Orb Guardian
Aim: an Orb Guardian (will inflict weakness, chance to daze and blind: 49%)
The Orb Guardian is enfeebled!
The Orb Guardian hits you but does no damage.
You strike the helpless Orb Guardian from behind!
You skewer the Orb Guardian like a kebab!!!!
You feel better.
You kill the Orb Guardian!
The Council accepts your kill.
An efreet comes into view.
It is wielding a +2 scimitar of flaming.
There is a stone staircase leading up here.
You climb upwards.
There is a stone staircase leading down here.
There is a dry fountain here.
There is a dry fountain here.
Magic restored.
There is a stone staircase leading up here.
You climb upwards.
There is a stone staircase leading down here.
You see here a scroll of identify.
There is a stone staircase leading up here.
You climb upwards.
There is a stone staircase leading down here.
An Orb Guardian comes into view.
Casting: Enfeeble (mildly dangerous; 4% risk of failure)
Confirm with . or Enter, or press ? or * to list all spells.
Aiming: Enfeeble (mildly dangerous; 4% risk of failure)
Press: ? - help, Shift-Dir - straight line, f - Orb Guardian
Aim: an Orb Guardian (will inflict weakness, chance to daze and blind: 49%)
The Orb Guardian partially resists.
The Orb Guardian is enfeebled!
The Orb Guardian hits you but does no damage.
You hit the Orb Guardian. Your bite misses the Orb Guardian.
The Orb Guardian is lightly wounded.
The Orb Guardian completely misses you.
Casting: Enfeeble (mildly dangerous; 4% risk of failure)
Confirm with . or Enter, or press ? or * to list all spells.
Aiming: Enfeeble (mildly dangerous; 4% risk of failure)
Press: ? - help, Shift-Dir - straight line, f/p - Orb Guardian
Aim: an Orb Guardian (lightly wounded, weak, will inflict weakness, chance to daze and blind: 49%)
The Orb Guardian partially resists.
The Orb Guardian is enfeebled!
The Orb Guardian misses you.
A demonic crawler comes into view.
You closely miss the Orb Guardian.
You bite the Orb Guardian, but do no damage.
The Orb Guardian is lightly wounded.
You puncture the Orb Guardian!
The Orb Guardian is lightly wounded.
The Orb Guardian hits you!
Casting: Enfeeble (mildly dangerous; 4% risk of failure)
Confirm with . or Enter, or press ? or * to list all spells.
Aiming: Enfeeble (mildly dangerous; 4% risk of failure)
Press: ? - help, Shift-Dir - straight line, f/p - Orb Guardian
Aim: an Orb Guardian (lightly wounded, weak, will inflict weakness, chance to daze and blind: 49%)
The Orb Guardian partially resists.
The Orb Guardian is enfeebled!
The Orb Guardian hits you but does no damage.
You hit the Orb Guardian.
You feel better.
The Orb Guardian is lightly wounded.
You block the Orb Guardian's attack.
You puncture the Orb Guardian!
You feel better.
You bite the Orb Guardian, but do no damage.
The Orb Guardian is moderately wounded.
The demonic crawler shrieks in warning!
You hit the Orb Guardian.
The Orb Guardian is moderately wounded.
Casting: Enfeeble (mildly dangerous; 4% risk of failure)
Confirm with . or Enter, or press ? or * to list all spells.
Aiming: Enfeeble (mildly dangerous; 4% risk of failure)
Press: ? - help, Shift-Dir - straight line, f/p - Orb Guardian
Aim: an Orb Guardian (moderately wounded, weak, will inflict weakness, chance to daze and blind: 49%)
You miscast Enfeeble.
You are very lightly contaminated with residual magic.
Strange energies run through your body.
You feel yourself slow down. The Orb Guardian hits you.
The demonic crawler shrieks in warning!
The Orb Guardian hits you but does no damage.
You hit the Orb Guardian.
You feel better.
You bite the Orb Guardian, but do no damage.
The Orb Guardian is moderately wounded.
You closely miss the Orb Guardian.
The Orb Guardian is moderately wounded.
You block the Orb Guardian's attack.
You hit the Orb Guardian but do no damage.
The Orb Guardian is moderately wounded.
The Orb Guardian hits you but does no damage.
You feel the dreadful sensation subside.
The engine hums to life!
U - the +2 Maxwell's thermic engine (weapon)
{flame, freeze} The Orb Guardian hits you but does no damage.
You completely miss the Orb Guardian.
The Orb Guardian is moderately wounded.
The demonic crawler shrieks in warning!
The Orb Guardian completely misses you.
You slash the Orb Guardian! You burn the Orb Guardian.
You freeze the Orb Guardian.
The Orb Guardian is heavily wounded.
The Orb Guardian hits you but does no damage.
The Orb Guardian hits you.
You miss the Orb Guardian.
The Orb Guardian is heavily wounded.
The Orb Guardian is no longer weakened.
The Orb Guardian hits you but does no damage.
A balrug comes into view.
It is wielding a +2 demon whip of electrocution.
You closely miss the Orb Guardian. Your bite misses the Orb Guardian.
The Orb Guardian is heavily wounded.
The Orb Guardian hits you but does no damage.
The Orb Guardian hits you.
You hit the Orb Guardian but do no damage.
You freeze the Orb Guardian.
The Orb Guardian is heavily wounded.
The Orb Guardian hits you!!
The demonic crawler shrieks in warning!
You barely miss the Orb Guardian. Your bite misses the Orb Guardian.
The Orb Guardian is heavily wounded.
The Orb Guardian misses you.
A sun demon comes into view.
The Orb Guardian misses you.
The Orb Guardian attacks as you move away!
The Orb Guardian hits you.
The Orb Guardian hits you but does no damage.
Casting: Enfeeble (mildly dangerous; 4% risk of failure)
Confirm with . or Enter, or press ? or * to list all spells.
You summon a servant imbued with your destructive magic!
The Orb Guardian hits you but does no damage.
A sun demon comes into view.
You block the Orb Guardian's attack.
You slash the Orb Guardian! You burn the Orb Guardian.
You freeze the Orb Guardian.
The Orb Guardian is severely wounded.
You block the Orb Guardian's attack.
You spin and attack the Orb Guardian.
You hit the Orb Guardian. You burn the Orb Guardian.
You freeze the Orb Guardian.
The Orb Guardian is severely wounded.
The Orb Guardian hits you but does no damage.
The demonic crawler shrieks in warning!
The Orb Guardian hits you!!
Your spellforged servitor gestures at the Orb Guardian while chanting.
The crystal spear hits the Orb Guardian!!!
The Orb Guardian dies!
The Council accepts your kill.
You lunge at the sun demon.
You barely miss the sun demon. You block the sun demon's attack.
The balrug gestures at you.
The fireball explodes!
The fireball engulfs the sun demon.
The sun demon completely resists.
The fireball engulfs the sun demon.
The sun demon completely resists.
The fireball engulfs you but does no damage.
The fireball engulfs the balrug.
The balrug completely resists.
The sun demon misses you. The balrug gestures at you.
The bolt of fire hits the sun demon.
The sun demon completely resists.
The bolt of fire hits you! You resist.
You feel yourself speed up.
Your spellforged servitor gestures at the sun demon while chanting.
The crystal spear misses the sun demon.
You slash the sun demon! You freeze the sun demon.
Your bite misses the sun demon.
The sun demon is moderately wounded.
You block the sun demon's attack.
You hit the sun demon. You freeze the sun demon.
You bite the sun demon, but do no damage.
The sun demon is moderately wounded.
The balrug gestures at you.
The fireball explodes!
The fireball engulfs the sun demon.
The sun demon completely resists.
The fireball engulfs your spellforged servitor.
Your spellforged servitor resists.
The fireball engulfs the sun demon.
The sun demon completely resists.
The fireball engulfs you. You resist.
Your spellforged servitor gestures at the balrug while chanting.
The crystal spear hits the sun demon!!!
The sun demon dies!
The Council accepts your kill.
You spin and attack the sun demon repeatedly.
You hit the sun demon. You freeze the sun demon.
The sun demon is moderately wounded.
You slash the sun demon! You freeze the sun demon.
The sun demon is heavily wounded.
The sun demon hits you but does no damage.
The demonic crawler barely misses you.
The demonic crawler completely misses you.
You block the demonic crawler's attack.
You spin and attack the sun demon repeatedly.
You slash the sun demon! You freeze the sun demon.
You kill the sun demon!
The Council accepts your kill.
You feel your dexterity returning.
You slice the demonic crawler like a ripe choko!!!
You burn the demonic crawler. You freeze the demonic crawler.
The demonic crawler is severely wounded.
The demonic crawler closely misses you. You block the demonic crawler's attack.
The demonic crawler hits you but does no damage.
You completely miss the demonic crawler.
The demonic crawler is severely wounded.
You block the demonic crawler's attack. The demonic crawler closely misses you.
You block the demonic crawler's attack.
You slice the demonic crawler!! You burn the demonic crawler.
You kill the demonic crawler!
The Council accepts your kill.
Your spellforged servitor casts a spell at the balrug.
The crystal spear hits the balrug!!!!
The balrug dies!
The Council accepts your kill.
You see here a demonic crawler corpse.
Your magical contamination has completely faded away.
There is an open door here.
You see here a +2 demon whip of electrocution.
There is a gate leading back out of this place here.
You start resting.
Jeuvotre comes into view.
Jeuvotre is nearby!
You go up through the gate.
Welcome back to the Depths!
Your summoned ally is left behind.
Level annotation: exclusion: upstairs
There is a gate to the Realm of Zot here.
Unknown command.
Unknown command.
Unknown command.
Unknown command.
Unknown command.
Unknown command.
Unknown command.
Unknown command.
HP restored.
There is an open door here.
An Orb Guardian comes into view.
The Orb Guardian hits you but does no damage.
You spin and attack the Orb Guardian repeatedly.
You hit the Orb Guardian. You burn the Orb Guardian.
You freeze the Orb Guardian.
The Orb Guardian is lightly wounded.
You hit the Orb Guardian but do no damage.
You freeze the Orb Guardian.
The Orb Guardian is lightly wounded.
The Orb Guardian hits you but does no damage.
You block the Orb Guardian's attack.
You spin and attack the Orb Guardian.
You closely miss the Orb Guardian.
You bite the Orb Guardian, but do no damage.
The Orb Guardian is lightly wounded.
The Orb Guardian hits you but does no damage.
The Orb Guardian hits you!!
You slash the Orb Guardian! You burn the Orb Guardian.
You freeze the Orb Guardian.
The Orb Guardian is lightly wounded.
The Orb Guardian barely misses you.
You slash the Orb Guardian! You burn the Orb Guardian.
You freeze the Orb Guardian.
The Orb Guardian is moderately wounded.
The Orb Guardian hits you!!
You barely miss the Orb Guardian.
You bite the Orb Guardian, but do no damage.
The Orb Guardian is moderately wounded.
The Orb Guardian hits you!
You hit the Orb Guardian. You burn the Orb Guardian.
You freeze the Orb Guardian.
The Orb Guardian is moderately wounded.
The Orb Guardian hits you.
An Executioner and 2 large abominations come into view.
You hit the Orb Guardian. You burn the Orb Guardian.
You freeze the Orb Guardian.
The Orb Guardian is heavily wounded.
You block the Orb Guardian's attack.
You feel yourself speed up. The Orb Guardian hits you!!
The Executioner gestures.
The Executioner seems to speed up.
The Executioner attacks as you move away!
The Executioner hits you but does no damage.
The Executioner closely misses you. You block the Executioner's attack. x2
The Executioner barely misses you. The Executioner closely misses you.
The Executioner attacks as you move away!
The Executioner barely misses you. x2; The Executioner closely misses you.
You block the Executioner's attack. The Executioner closely misses you.
The Executioner hits you but does no damage.
There is an open door here.
Casting: Spellforged Servitor (dangerous; 4% risk of failure)
Confirm with . or Enter, or press ? or * to list all spells.
You feel quick. The Executioner misses you. You block the Executioner's attack.
The Executioner closely misses you. You block the Executioner's attack.
The Executioner completely misses you.
The Executioner hits you but does no damage.
You block the Executioner's attack.
The Executioner hits you but does no damage.
The Executioner barely misses you. You block the Executioner's attack.
The Executioner hits you but does no damage.
The Executioner barely misses you. The Executioner hits you!
You block the Executioner's attack. x2
Things that are here:
a +0 chain mail; a +0 bardiche The Executioner attacks as you move away!
You block the Executioner's attack.
The Executioner hits you but does no damage.
You block the Executioner's attack.
Things that are here:
a +0 dire flail; a +0 dire flail The Executioner attacks as you move away!
The Executioner hits you but does no damage. x2
You block the Executioner's attack. The Executioner hits you.
The Executioner hits you but does no damage. x2
There is a stone staircase leading up, spattered with blood here.
The Executioner completely misses you. x2; The Executioner hits you.
The Executioner hits you!
The Executioner hits you but does no damage. x2
You climb upwards.
Level annotation: exclusion: downstairs
There is a stone staircase leading down, spattered with blood here.
Things that are here:
a +0 chain mail; a +3 great mace
Casting: Swiftness (safe; 1% risk of failure)
Confirm with . or Enter, or press ? or * to list all spells.
You summon a servant imbued with your destructive magic!
The Executioner hits you.
The Executioner hits you but does no damage.
The Executioner closely misses you. You block the Executioner's attack.
The Executioner misses you.
The Executioner hits you but does no damage.
You are too injured to fight recklessly!
You are too injured to fight recklessly!
You hit the Executioner. You burn the Executioner.
The Executioner is lightly wounded.
The Executioner hits you. The Executioner barely misses you.
The Executioner hits you but does no damage.
You hit the Executioner but do no damage.
Your bite misses the Executioner.
The Executioner is lightly wounded.
The Executioner hits you but does no damage.
You block the Executioner's attack.
The Executioner hits you but does no damage.
The Executioner closely misses you. x2
The Executioner hits you but does no damage.
You barely miss the Executioner.
The Executioner is lightly wounded.
The Executioner closely misses you.
The Executioner hits you but does no damage.
You block the Executioner's attack.
You closely miss the Executioner.
The Executioner is lightly wounded.
You block the Executioner's attack. x2
The Executioner hits you but does no damage.
The Executioner hits you! You block the Executioner's attack.
The Executioner hits you but does no damage.
Your spellforged servitor casts a spell at the Executioner.
The crystal spear hits the Executioner!!!
Things that are here:
a +0 chain mail; a +0 war axe You slice the Executioner!!
You burn the Executioner.
You kill the Executioner!
The Council accepts your kill.
Things that are here:
a +0 dire flail; a +0 great mace You start to feel a little slower.
You feel sluggish.
Your extra speed is starting to run out.
You start to feel a little faster.
Things that are here:
a +0 dagger; a +0 leather armour
There is a stone staircase leading up, spattered with blood here.
You climb upwards.
You feel yourself slow down.
There is a stone staircase leading down, spattered with blood here.
You no longer feel sluggish.
A chaos spawn comes into view.
The chaos spawn completely misses you.
You spin and attack the chaos spawn.
You hit the chaos spawn but do no damage.
You freeze the chaos spawn.
The chaos spawn is lightly wounded.
You block the chaos spawn's attack.
You spin and attack the chaos spawn repeatedly.
You slash the chaos spawn! You burn the chaos spawn.
You freeze the chaos spawn.
The chaos spawn is severely wounded.
You slash the chaos spawn! You burn the chaos spawn.
You kill the chaos spawn!
The Council accepts your kill.
The chaos spawn degenerates into a cloud of primal chaos!
(D) Dungeon (T) Temple (L) Lair (S) Swamp (P) Snake Pit (M) Slime Pits (O) Orcish Mines (E) Elven Halls (V) Vaults (C) Crypt (W) Tomb (U) Depths (H) Hell (Z) Zot
Where to? (Enter - Depths:2 @ (x,y), ? - help) Magic restored.
A hellion comes into view.
You can't go up here!
There is a stone staircase leading up, spattered with blood here.
The hellion gestures at you.
The sphere of damnation explodes!
The damnation engulfs you!
You climb upwards.
There is a stone staircase leading down here.
You see here a +0 troll leather armour.
There is an open door, spattered with blood here.
You see here a +0 troll leather armour.
There is a staircase back to the Dungeon here.
You climb upwards.
Welcome back to the Dungeon!
There is a staircase to the Depths here.
HP restored.
A Rasyxec, a red devil and a cacodemon come into view.
The red devil is wielding a +2 demon trident of electrocution.
Press: ? - help, v - describe, . - travel
Here: Rasyxec The floor, spattered with blood.
Blink to where?
Press: ? - help, Dir - move target
As you read the scroll of blinking, it crumbles to dust.
Rasyxec moves out of view.
The red devil moves out of view.
The cacodemon moves out of view.
You feel yourself speed up.
You hear a grinding noise.
There is a stone staircase leading up here.
You climb upwards.
There is a stone staircase leading down here.
There is a stone staircase leading up here.
You climb upwards.
There is a stone staircase leading down here.
There is a stone staircase leading up here.
You climb upwards.
There is a stone staircase leading down here.
There is an open door here.
Your extra speed is starting to run out.
You feel yourself slow down.
There is a stone staircase leading up here.
You climb upwards.
There is a stone staircase leading down here.
There is an open door here.
There is an open door here.
There is an open door here.
There is a stone staircase leading up here.
You climb upwards.
Level annotation: 2 transporters, Akari934's ghost, journeyman HOBe
There is a stone staircase leading down here.
There is a stone staircase leading up here.
You climb upwards.
Level annotation: 3 runed translucent doors, SigmundSlayer's ghost, journeyman OgHu; SigmundSlayer's ghost, novice GnGl; heikuro's ghost, journeyman FoFi
There is a stone staircase leading down here.
There is a stone staircase leading up here.
You climb upwards.
There is a stone staircase leading down here.
Press: ? - help, v - describe, . - travel A stone staircase leading down.
This square is covered in magical glow.
Unknown command.
Unknown command.
An Orb Guardian comes into view.
You can't go up here!
Casting: Spellforged Servitor (dangerous; 4% risk of failure)
Confirm with . or Enter, or press ? or * to list all spells.
You summon a servant imbued with your destructive magic!
The Orb Guardian attacks as you move away!
The Orb Guardian hits you but does no damage.
Your spellforged servitor points at the Orb Guardian and mumbles some strange words.
The crystal spear hits the Orb Guardian!!!
The Orb Guardian hits your spellforged servitor!!
The Orb Guardian hits your spellforged servitor!!
The Orb Guardian hits your spellforged servitor!!
Your spellforged servitor gestures at the Orb Guardian while chanting.
The crystal spear hits the Orb Guardian!!!
The Orb Guardian dies!
The Council accepts your kill.
There is a stone staircase leading up here.
You climb upwards.
There is a stone staircase leading down here.
There is a stone staircase leading up here.
You climb upwards.
There is a stone staircase leading down here.
Magic restored.
There is a stone staircase leading up, spattered with blood here.
You climb upwards.
A ynoxinul comes into view.
There is a stone staircase leading down, spattered with blood here.
A ynoxinul is nearby!
You see here a +0 flail.
The ynoxinul gestures at you. The iron shot hits you!
You lunge at the ynoxinul, in a flurry of attacks.
You closely miss the ynoxinul. You slice the ynoxinul!! You burn the ynoxinul.
You freeze the ynoxinul. Your bite misses the ynoxinul.
The ynoxinul is severely wounded.
The ynoxinul misses you.
You barely miss the ynoxinul.
You bite the ynoxinul, but do no damage.
The ynoxinul is severely wounded.
You slice the ynoxinul!! You burn the ynoxinul.
You kill the ynoxinul!
The Council accepts your kill.
(D) Dungeon (T) Temple (L) Lair (S) Swamp (P) Snake Pit (M) Slime Pits (O) Orcish Mines (E) Elven Halls (V) Vaults (C) Crypt (W) Tomb (U) Depths (H) Hell (Z) Zot
Where to? (Enter - D:5 @ (x,y), ? - help)
An Orb Guardian comes into view.
Okay, then.
The Orb Guardian moves out of view.
Things that are here:
a +0 scale mail; a +0 club
Things that are here:
2 boomerangs; a +0 whip; a +0 dagger You see here a +0 flail.
There is a stone staircase leading up here.
You climb upwards.
There is a stone staircase leading down here.
There is a stone staircase leading up, spattered with blood here.
You climb upwards.
Level annotation: 2 transporters, 2 runed translucent doors, CertainDeath's ghost, amateur AtWr
There is a stone staircase leading down here.
You see here a +0 club.
There is a stone staircase leading up here.
You climb upwards.
There is a stone staircase leading down here.
You see here a frilled lizard skeleton.
There is a stone staircase leading up here.
You climb upwards.
There is a stone staircase leading down here.
There is a staircase leading out of the dungeon here.
You have escaped!

#.# #.##..##..######## #.#
#.......#.# #.# #..####...#
#.# #.## ##..# ##.###.#
#..##### ###......##
##§§§...##
#####...≈≈≈≈..####.§≈≈≈≈..#
.......≈≈≈≈≈≈......≈§≈≈§≈.#
###.#..≈≈≈≈≈≈..>@..≈≈≈≈≈≈.##
##.....≈≈≈≈≈≈......≈≈§≈≈§..#
........≈≈≈≈........≈≈≈≈...#
.........................#.#
.......######..[.....#####.#
##....#######.#.###### #.#
##..#.).......#.# #.#
##.##.........#.# ###.###
##.##.#########+## #.....#


There were no monsters in sight!

Vanquished Creatures
  the Royal Jelly (Slime:5)
  An ancient lich (Crypt:3)
  4 dread liches
  A juggernaut (Depths:4)
  Margery (Crypt:2)
  6 Killer Klowns (Zot:5)
  Frederick (Crypt:2)
  A curse toe (Zot:2)
  Saint Roka (Snake:4)
  3 bone dragons
  7 golden dragons
  2 doom hounds (Crypt:2)
  A Tzitzimitl (Crypt:2)
  3 electric golems
  A shard shrike zombie (Crypt:3)
  A hellephant (Depths:3)
  14 tentacled monstrosities
  Zenata (Vaults:1)
  Jorgrun (Orc:2)
  19 Orb Guardians
  4 liches
  Asterion (Depths:2)
  Grunn (Crypt:1)
  6 titans
  A deep elf blademaster (Elf:3)
  A deep elf master archer (Elf:3)
  16 acid blobs
  6 quicksilver dragons
  9 death cobs
  Gastronok (Lair:2)
  An Executioner (Depths:3)
  4 sphinxes
  8 tengu reavers
  4 ancient champions
  Kirke (Snake:1)
  15 storm dragons
  4 shadow dragons
  Donald (Swamp:4)
  2 nagarajas (Snake:4)
  A revenant (Crypt:1)
  10 rockslimes
  7 draconian knights
  4 draconian monks
  6 azure jellies
  Louise (Depths:3)
  9 fire giants
  2 imperial myrmidons (Desolation)
  13 deep elf sorcerers
  11 vault wardens
  7 frost giants
  A ghost moth (Zot:4)
  A balrug (Depths:1)
  Aizul (Elf:3)
  6 deep elf elementalists (Elf:3)
  3 draconian shifters
  A juggernaut zombie (Crypt:1)
  2 draconian scorchers (Zot:1)
  5 ghouls
  A curse skull (Crypt:1)
  7 ironbound preservers
  An orc warlord (Orc:2)
  5 spectral caustic shrikes (Depths:3)
  3 draconian stormcallers
  A spriggan defender (Depths:3)
  20 very ugly things
  17 stone giants
  11 quicksilver oozes
  A reaper (Crypt:2)
  10 draconian annihilators
  A caustic shrike skeleton (Crypt:3)
  13 war gargoyles
  8 ironbound thunderhulks
  12 vampire knights
  13 green draconians
  11 black draconians
  7 deep elf demonologists
  8 deep elf annihilators
  2 halazid warlocks (Desolation)
  A putrid mouth (Crypt:1)
  6 yellow draconians
  4 bunyips
  7 red draconians
  9 eleionomae
  28 dire elephants
  8 white draconians
  12 purple draconians
  6 spark wasps
  Josephine (D:13)
  4 crystal guardians
  A blizzard demon (Depths:2)
  3 jiangshi
  9 deep elf death magi
  A green death (Depths:2)
  2 eidola
  A quicksilver dragon zombie (Crypt:3)
  8 great orbs of eyes
  17 ettins
  4 deep elf high priests
  2 entropy weavers
  7 yaktaur captains
  6 fire dragons
  10 ragged hierophants
  27 vault guards
  2 spriggan air magi
  2 rakshasas (Depths:2)
  4 servants of whispers (Desolation)
  18 hydras
  A catoblepas (Lair:5)
  7 salamander tyrants
  13 peacekeepers
  11 ironbound frosthearts
  4 ice dragons
  9 anacondas
  4 boulder beetles
  3 ghost crabs
  2 two-headed ogres
  8 centaur warriors
  24 dancing weapons
  3 death knights (Crypt:1)
  12 alligators
  15 deep troll shamans
  11 tengu warriors
  13 naga warriors
  A titan zombie (Crypt:3)
  3 death yaks (Lair:5)
  5 vampire magi
  8 deep troll earth magi
  2 spriggan berserkers
  5 shock serpents
  18 deep elf knights
  21 naga sharpshooters
  A soul eater (Depths:2)
  3 sun demons
  6 salamander mystics
  10 hell knights
  12 iron trolls
  21 skeletal warriors
  A fire crab (shapeshifter) (D:14)
  A golden dragon zombie (Crypt:3)
  A shadow wraith (Vaults:5)
  3 titan skeletons
  A goliath frog (Swamp:1)
  A sea snake (shapeshifter) (Vaults:5)
  5 flayed ghosts
  8 wizards
  17 swamp dragons
  3 spriggan druids
  4 glowing orange brains
  42 deep trolls
  9 naga ritualists
  13 ironbound convokers
  7 bog bodies
  3 lindwurms
  10 phantasmal warriors
  A lindwurm (shapeshifter) (Vaults:5)
  11 deep elf archers
  25 deep elf pyromancers
  5 orc knights
  15 necromancers
  2 orc sorcerers
  24 deep elf zephyrmancers
  4 cyclopes
  2 shadow dragon skeletons
  8 harpies (Vaults:1)
  A stone giant zombie (Vaults:3)
  32 ugly things
  A fire giant zombie (D:15)
  10 mana vipers
  23 salamanders
  A will-o-the-wisp (Swamp:2)
  A salamander (shapeshifter) (Vaults:5)
  A sphinx skeleton (Crypt:1)
  21 moths of wrath
  2 elephants (Lair:5)
  3 shining eyes
  3 manticores
  An ice statue (Lair:4)
  A fire giant skeleton (D:15)
  2 stone giant skeletons
  A centaur zombie (Crypt:3)
  10 naga magi
  A naga zombie (Crypt:3)
  2 guardian serpents
  15 vault sentinels
  31 black mambas
  4 molten gargoyles
  4 eyes of devastation
  4 gargoyles
  A torpor snail (Lair:4)
  14 cane toads
  An orange demon (Depths:2)
  A frost giant skeleton (D:15)
  An efreet (D:15)
  A demonic crawler (Zot:1)
  7 freezing wraiths
  An alligator snapping turtle zombie (Crypt:3)
  30 yaktaurs
  A catoblepas zombie (Crypt:1)
  2 rime drakes
  A yaktaur (shapeshifter) (Vaults:5)
  A yaktaur zombie (Vaults:4)
  A naga skeleton (Crypt:3)
  A tormentor (Crypt:1)
  9 komodo dragons
  An alligator snapping turtle skeleton (Crypt:2)
  2 guardian mummies
  An ice devil (Depths:2)
  2 yaktaur skeletons
  A grey draconian zombie (Crypt:1)
  A tengu conjurer (Depths:2)
  6 trolls
  4 polar bears
  A meliai (D:10)
  A tarantella (Vaults:4)
  6 tyrant leeches
  5 blink frogs (Lair:5)
  A death drake skeleton (Crypt:1)
  42 saltlings
  83 slime creatures
  10 hornets
  An ettin zombie (Crypt:3)
  2 dream sheep (Lair:5)
  A fire dragon zombie (Crypt:1)
  2 dream sheep (shapeshifter)
  A culicivora (Vaults:1)
  An elf zombie (Vaults:3)
  9 spriggans
  34 flying skulls (Crypt:3)
  A vampire (D:10)
  3 water elementals (Elf:1)
  3 shadows
  An ettin skeleton (Vaults:4)
  A ynoxinul (D:5)
  13 wraiths
  7 wyverns
  2 hogs (Snake:1)
  49 yaks
  4 fire elementals
  A golden eye (shapeshifter) (Depths:1)
  12 golden eyes (Slime:5)
  2 chaos spawn (Depths:2)
  2 redbacks
  A human simulacrum (Vaults:1)
  2 steam dragons
  8 vampire mosquitoes
  5 basilisks
  21 swamp worms
  3 glowing shapeshifter zombies
  8 wargs
  43 nagas
  17 water moccasins
  3 acid dragons (D:11)
  A meliai simulacrum (D:15)
  A floating eye (Crypt:1)
  A glowing shapeshifter skeleton (Vaults:3)
  6 ice beasts
  2 black bears
  4 swamp drakes
  A lindwurm zombie (Crypt:2)
  44 orc warriors
  A boggart (shapeshifter) (Vaults:4)
  38 wolves
  2 ogres
  5 human skeletons
  21 centaurs
  A swamp dragon skeleton (Crypt:1)
  A hog skeleton (Crypt:2)
  A kobold brigand (D:10)
  16 bullfrogs
  3 necrophages
  6 scorpions
  An elf skeleton (Crypt:2)
  4 earth elementals
  5 wights
  A wyvern skeleton (Crypt:1)
  9 killer bees
  A polar bear zombie (Crypt:2)
  7 electric eels
  A howler monkey (D:8)
  2 hounds
  2 human zombies (Crypt:1)
  12 orc priests
  An iguana (D:4)
  Natasha (D:4)
  2 lightning spires (WizLab)
  21 orc wizards
  5 mummies (Crypt:1)
  14 gnolls
  5 adders
  A shadow imp (D:6)
  2 white imps
  An ufetubus (D:4)
  A lava snake skeleton (Crypt:2)
  4 worms
  2 dart slugs
  72 orcs
  3 bats
  3 endoplasms
  7 giant cockroaches
  5 hobgoblins
  3 quokkas
  6 ball pythons
  5 frilled lizards
  14 goblins
  A goblin skeleton (Crypt:2)
  18 kobolds
  8 rats
  A pillar of salt (Desolation)
2175 creatures vanquished.

Vanquished Creatures (collateral kills)
  An orb of fire (Zot:5)
  3 tentacled monstrosities
  6 Orb Guardians
  An acid blob (Slime:5)
  2 rockslimes (Slime:5)
  A balrug (Zot:1)
  A crystal guardian (Crypt:3)
  2 hell knights (Crypt:3)
  A sun demon (Zot:1)
  An orc warrior (Bailey)
  4 wights
  An orc (Snake:4)
  A kobold (Bailey)
25 creatures vanquished.

Vanquished Creatures (others)
  2 eldritch tentacles
  A tengu reaver (Vaults:5)
  A deep elf knight (Elf:1)
  A swamp dragon (Swamp:1)
  A wizard (Vaults:4)
  2 deep elf pyromancers (Elf:2)
  5 bloated husks
  A spriggan (Swamp:1)
  A human (Snake:1)
  8 dancing weapons
  A swamp drake (Swamp:2)
  An orc wizard (D:9)
  2 orcs (D:9)
  4 foxfires (Swamp:2)
  120 fungi
  2 pillars of salt (Desolation)
  221 plants
  23 withered plants
397 creatures vanquished.

Grand Total: 2597 creatures vanquished

Notes
Turn   | Place    | Note
-------+----------+-------------------------------------------
     0 | D:1      | sleeves the Gnoll Enchanter began the quest for the Orb.
     0 | D:1      | Reached XP level 1. HP: 13/13 MP: 6/6
   319 | D:1      | Reached XP level 2. HP: 19/19 MP: 7/7
   523 | D:1      | Found a faded altar of an unknown god.
  1064 | D:1      | Learned a level 2 spell: Ensorcelled Hibernation
  1083 | D:2      | Reached skill level 5 in Spellcasting
  1083 | D:2      | Reached XP level 3. HP: 25/25 MP: 7/9
  1151 | D:2      | Reached skill level 6 in Stealth
  1151 | D:2      | Reached skill level 1 in Invocations
  1214 | D:2      | Reached skill level 1 in Fighting
  1214 | D:2      | Reached skill level 1 in Long Blades
  1214 | D:2      | Reached skill level 1 in Axes
  1214 | D:2      | Reached skill level 1 in Maces & Flails
  1214 | D:2      | Reached skill level 1 in Polearms
  1214 | D:2      | Reached skill level 1 in Staves
  1214 | D:2      | Reached skill level 1 in Ranged Weapons
  1214 | D:2      | Reached skill level 1 in Throwing
  1214 | D:2      | Reached skill level 1 in Armour
  1214 | D:2      | Reached skill level 1 in Shields
  1214 | D:2      | Reached skill level 1 in Unarmed Combat
  1214 | D:2      | Reached skill level 1 in Evocations
  1358 | D:2      | Reached XP level 4. HP: 32/32 MP: 8/11
  1705 | D:2      | Reached skill level 1 in Conjurations
  1705 | D:2      | Reached skill level 1 in Summonings
  1705 | D:2      | Reached skill level 1 in Necromancy
  1705 | D:2      | Reached skill level 1 in Translocations
  1705 | D:2      | Reached skill level 1 in Transmutations
  1705 | D:2      | Reached skill level 1 in Fire Magic
  1705 | D:2      | Reached skill level 1 in Ice Magic
  1705 | D:2      | Reached skill level 1 in Air Magic
  1705 | D:2      | Reached skill level 1 in Earth Magic
  1705 | D:2      | Reached skill level 1 in Poison Magic
  1953 | D:3      | Noticed a scorpion
  1954 | D:3      | Found a transporter.
  1954 | D:3      | Noticed CertainDeath's ghost (amateur AtWr)
  1961 | D:3      | Killed a scorpion
  1962 | D:3      | Reached skill level 3 in Short Blades
  1962 | D:3      | Reached XP level 5. HP: 37/37 MP: 9/12
  2026 | D:3      | Found a burning altar of Makhleb.
  2123 | D:3      | Found a large runed translucent door.
  2123 | D:3      | Found a large runed translucent door.
  2135 | D:3      | Found a transporter.
  2187 | D:3      | Found a shadowy altar of Dithmenos.
  2915 | D:4      | Learned a level 3 spell: Confusing Touch
  2919 | D:4      | Learned a level 3 spell: Tukima's Dance
  3011 | D:4      | Reached skill level 2 in Invocations
  3011 | D:4      | Reached XP level 6. HP: 40/44 MP: 11/14
  3076 | D:4      | Reached skill level 5 in Dodging
  3083 | D:4      | HP: 18/44 [gnoll/+0 spear (7)]
  3087 | D:3      | Reached skill level 2 in Fighting
  3087 | D:3      | Reached skill level 2 in Long Blades
  3087 | D:3      | Reached skill level 2 in Axes
  3087 | D:3      | Reached skill level 2 in Maces & Flails
  3087 | D:3      | Reached skill level 2 in Polearms
  3087 | D:3      | Reached skill level 2 in Staves
  3087 | D:3      | Reached skill level 2 in Ranged Weapons
  3087 | D:3      | Reached skill level 2 in Throwing
  3087 | D:3      | Reached skill level 2 in Armour
  3087 | D:3      | Reached skill level 2 in Shields
  3087 | D:3      | Reached skill level 2 in Unarmed Combat
  3087 | D:3      | Reached skill level 2 in Evocations
  3317 | D:4      | HP: 19/44 [orc/+0 trident (7)]
  3328 | D:4      | HP: 17/44 [goblin/sling bullet (5)]
  3584 | D:4      | Noticed Natasha
  3670 | D:4      | Killed Natasha
  3681 | D:4      | HP: 22/44 [orc/+0 dagger (4)]
  3686 | D:4      | HP: 22/44 [orc/+0 short sword (1)]
  3724 | D:3      | HP: 22/44 [orc/+0 short sword (4)]
  3851 | D:4      | Found Jelarch's Gadget Gallery.
  4173 | D:5      | Entered Level 5 of the Dungeon
  4178 | D:5      | Noticed a black bear
  4188 | D:5      | Reached XP level 7. HP: 42/50 MP: 11/15
  4190 | D:5      | Reached skill level 2 in Conjurations
  4190 | D:5      | Reached skill level 2 in Summonings
  4190 | D:5      | Reached skill level 2 in Necromancy
  4190 | D:5      | Reached skill level 2 in Translocations
  4190 | D:5      | Reached skill level 2 in Transmutations
  4190 | D:5      | Reached skill level 2 in Fire Magic
  4190 | D:5      | Reached skill level 2 in Ice Magic
  4190 | D:5      | Reached skill level 2 in Air Magic
  4190 | D:5      | Reached skill level 2 in Earth Magic
  4190 | D:5      | Reached skill level 2 in Poison Magic
  4626 | D:5      | Reached skill level 3 in Invocations
  4990 | D:5      | Reached skill level 6 in Hexes
  5116 | D:5      | Reached skill level 4 in Short Blades
  5226 | D:4      | Reached skill level 3 in Fighting
  5226 | D:4      | Reached skill level 3 in Long Blades
  5226 | D:4      | Reached skill level 3 in Axes
  5226 | D:4      | Reached skill level 3 in Maces & Flails
  5226 | D:4      | Reached skill level 3 in Polearms
  5226 | D:4      | Reached skill level 3 in Staves
  5226 | D:4      | Reached skill level 3 in Ranged Weapons
  5226 | D:4      | Reached skill level 3 in Throwing
  5226 | D:4      | Reached skill level 3 in Armour
  5226 | D:4      | Reached skill level 3 in Shields
  5226 | D:4      | Reached skill level 3 in Unarmed Combat
  5226 | D:4      | Reached skill level 3 in Evocations
  5226 | D:4      | Reached XP level 8. HP: 58/58 MP: 13/16
  5489 | D:6      | Found the +7 Kryia's mail coat {PotionHeal*2 rC+}
  5494 | D:6      | Reached skill level 6 in Spellcasting
  5538 | D:6      | Found a staircase to the Ecumenical Temple.
  5568 | Temple   | Entered the Ecumenical Temple
  5808 | D:6      | Learned a level 3 spell: Swiftness
  5813 | D:6      | Learned a level 4 spell: Cause Fear
  6319 | D:6      | Reached skill level 7 in Stealth
  6386 | D:6      | Found a hide-covered altar of Uskayaw.
  6555 | D:7      | Found a bloodstained altar of Trog.
  6559 | D:7      | Found a shimmering altar of Xom.
  6889 | D:7      | Found Jeajuf's Book Emporium.
  6952 | D:7      | Found a stormy altar of Qazlal.
  6973 | D:7      | Reached skill level 3 in Conjurations
  6973 | D:7      | Reached skill level 3 in Summonings
  6973 | D:7      | Reached skill level 3 in Necromancy
  6973 | D:7      | Reached skill level 3 in Translocations
  6973 | D:7      | Reached skill level 3 in Transmutations
  6973 | D:7      | Reached skill level 3 in Fire Magic
  6973 | D:7      | Reached skill level 3 in Ice Magic
  6973 | D:7      | Reached skill level 3 in Air Magic
  6973 | D:7      | Reached skill level 3 in Earth Magic
  6973 | D:7      | Reached skill level 3 in Poison Magic
  6973 | D:7      | Reached skill level 4 in Invocations
  7099 | D:7      | Found an ornate altar of the Wu Jian Council.
  7137 | D:7      | Reached skill level 6 in Dodging
  7357 | D:8      | Identified the +3 chain mail "Heqagais" {Slay+4}
  7552 | D:8      | Reached XP level 9. HP: 65/65 MP: 15/18
  7633 | D:8      | Reached skill level 4 in Fighting
  7633 | D:8      | Reached skill level 4 in Long Blades
  7633 | D:8      | Reached skill level 4 in Axes
  7633 | D:8      | Reached skill level 4 in Maces & Flails
  7633 | D:8      | Reached skill level 4 in Polearms
  7633 | D:8      | Reached skill level 4 in Staves
  7633 | D:8      | Reached skill level 4 in Ranged Weapons
  7633 | D:8      | Reached skill level 4 in Throwing
  7633 | D:8      | Reached skill level 4 in Armour
  7633 | D:8      | Reached skill level 4 in Shields
  7633 | D:8      | Reached skill level 4 in Unarmed Combat
  7633 | D:8      | Reached skill level 4 in Evocations
  8039 | D:8      | Reached skill level 5 in Short Blades
  8260 | D:7      | Found a white marble altar of Elyvilon.
  8277 | D:7      | Became a worshipper of the Wu Jian Council
  8308 | D:9      | Found an ancient bone altar of Kikubaaqudgha.
  8649 | D:9      | Noticed a two-headed ogre
  8884 | D:9      | Reached skill level 5 in Invocations
  9040 | D:9      | Found a runed translucent gate.
  9040 | D:9      | Found a runed translucent gate.
  9041 | D:9      | Found a runed translucent gate.
  9049 | D:9      | Noticed heikuro's ghost (journeyman FoFi)
  9049 | D:9      | Noticed SigmundSlayer's ghost (novice GnGl)
  9049 | D:9      | Noticed SigmundSlayer's ghost (journeyman OgHu)
  9179 | D:9      | Reached skill level 7 in Spellcasting
  9378 | D:9      | Killed a two-headed ogre
  9379 | D:9      | Reached skill level 5 in Fighting
  9379 | D:9      | Reached skill level 5 in Long Blades
  9379 | D:9      | Reached skill level 5 in Axes
  9379 | D:9      | Reached skill level 5 in Maces & Flails
  9379 | D:9      | Reached skill level 5 in Polearms
  9379 | D:9      | Reached skill level 5 in Staves
  9379 | D:9      | Reached skill level 5 in Ranged Weapons
  9379 | D:9      | Reached skill level 5 in Throwing
  9379 | D:9      | Reached skill level 5 in Armour
  9379 | D:9      | Reached skill level 5 in Shields
  9379 | D:9      | Reached skill level 5 in Unarmed Combat
  9379 | D:9      | Reached skill level 4 in Conjurations
  9379 | D:9      | Reached skill level 7 in Hexes
  9379 | D:9      | Reached skill level 4 in Summonings
  9379 | D:9      | Reached skill level 4 in Necromancy
  9379 | D:9      | Reached skill level 4 in Translocations
  9379 | D:9      | Reached skill level 4 in Transmutations
  9379 | D:9      | Reached skill level 4 in Fire Magic
  9379 | D:9      | Reached skill level 4 in Ice Magic
  9379 | D:9      | Reached skill level 4 in Air Magic
  9379 | D:9      | Reached skill level 4 in Earth Magic
  9379 | D:9      | Reached skill level 4 in Poison Magic
  9379 | D:9      | Reached skill level 5 in Evocations
  9379 | D:9      | Reached XP level 10. HP: 74/74 MP: 9/20
  9549 | D:9      | Reached skill level 8 in Stealth
  9559 | D:9      | HP: 36/74 [orc priest/divine providence (17)]
  9899 | D:8      | Reached skill level 7 in Dodging
 10091 | D:10     | Entered Level 10 of the Dungeon
 10170 | D:10     | Found a staircase to the Orcish Mines.
 10201 | D:10     | Noticed a wizard
 10203 | D:10     | Killed a wizard
 10204 | D:10     | Reached skill level 6 in Short Blades
 10205 | D:10     | Noticed a tengu warrior
 10212 | D:10     | HP: 37/74 [meliai/+0 hand axe (2)]
 10215 | D:10     | Reached skill level 6 in Invocations
 10349 | D:10     | Found a flagged portal.
 10368 | Bailey   | Entered a bailey
 10391 | Bailey   | Noticed an orc knight
 10418 | Bailey   | Killed an orc knight
 10418 | Bailey   | Reached * piety under Wu Jian
 10434 | Bailey   | Identified the +4 plate armour "Buseiw" {rN+ Str+4}
 11156 | D:10     | Found a transporter.
 11160 | D:10     | Found a transporter.
 11506 | D:10     | HP: 35/76 [tengu warrior/+0 long sword (8)]
 11512 | D:10     | HP: 31/76 [tengu warrior/+0 long sword (3)]
 11515 | D:10     | Killed a tengu warrior
 11516 | D:10     | Reached skill level 6 in Fighting
 11516 | D:10     | Reached skill level 6 in Long Blades
 11516 | D:10     | Reached skill level 6 in Axes
 11516 | D:10     | Reached skill level 6 in Maces & Flails
 11516 | D:10     | Reached skill level 6 in Polearms
 11516 | D:10     | Reached skill level 6 in Staves
 11516 | D:10     | Reached skill level 6 in Ranged Weapons
 11516 | D:10     | Reached skill level 6 in Throwing
 11516 | D:10     | Reached skill level 6 in Armour
 11516 | D:10     | Reached skill level 6 in Shields
 11516 | D:10     | Reached skill level 6 in Unarmed Combat
 11516 | D:10     | Reached skill level 8 in Spellcasting
 11516 | D:10     | Reached skill level 5 in Conjurations
 11516 | D:10     | Reached skill level 5 in Summonings
 11516 | D:10     | Reached skill level 5 in Necromancy
 11516 | D:10     | Reached skill level 5 in Translocations
 11516 | D:10     | Reached skill level 5 in Transmutations
 11516 | D:10     | Reached skill level 5 in Fire Magic
 11516 | D:10     | Reached skill level 5 in Ice Magic
 11516 | D:10     | Reached skill level 5 in Air Magic
 11516 | D:10     | Reached skill level 5 in Earth Magic
 11516 | D:10     | Reached skill level 5 in Poison Magic
 11516 | D:10     | Reached skill level 6 in Evocations
 11516 | D:10     | Reached XP level 11. HP: 33/81 MP: 20/23
 11758 | D:10     | Noticed Akari934's ghost (journeyman HOBe)
 12094 | D:11     | Found a staircase to the Lair.
 12094 | D:11     | Noticed a boulder beetle
 12150 | D:11     | Killed a boulder beetle
 12151 | D:11     | Reached skill level 7 in Invocations
 12217 | D:11     | Noticed a boulder beetle
 12340 | D:11     | Killed a boulder beetle
 12341 | D:11     | Reached skill level 7 in Short Blades
 12341 | D:11     | Reached skill level 8 in Dodging
 12350 | D:11     | Reached ** piety under Wu Jian
 12605 | D:11     | Reached skill level 9 in Stealth
 13180 | Lair:1   | Entered Level 1 of the Lair of Beasts
 13205 | Lair:1   | Reached skill level 8 in Hexes
 13478 | Lair:1   | Reached skill level 7 in Fighting
 13478 | Lair:1   | Reached skill level 7 in Long Blades
 13478 | Lair:1   | Reached skill level 7 in Axes
 13478 | Lair:1   | Reached skill level 7 in Maces & Flails
 13478 | Lair:1   | Reached skill level 7 in Polearms
 13478 | Lair:1   | Reached skill level 7 in Staves
 13478 | Lair:1   | Reached skill level 7 in Ranged Weapons
 13478 | Lair:1   | Reached skill level 7 in Throwing
 13478 | Lair:1   | Reached skill level 7 in Armour
 13478 | Lair:1   | Reached skill level 7 in Shields
 13478 | Lair:1   | Reached skill level 7 in Unarmed Combat
 13478 | Lair:1   | Reached skill level 7 in Evocations
 13553 | Lair:1   | Got the Parchment of Clay
 13576 | Lair:1   | Identified 2 scrolls of acquirement
 13578 | Lair:1   | Acquired the +3 pair of mountain boots {steadfast, rC+}
 13578 | Lair:1   | Found the +3 pair of mountain boots {steadfast, rC+}
 13710 | Lair:1   | Reached XP level 12. HP: 91/91 MP: 24/24
 13990 | Lair:1   | Reached skill level 6 in Conjurations
 13990 | Lair:1   | Reached skill level 6 in Summonings
 13990 | Lair:1   | Reached skill level 6 in Necromancy
 13990 | Lair:1   | Reached skill level 6 in Translocations
 13990 | Lair:1   | Reached skill level 6 in Transmutations
 13990 | Lair:1   | Reached skill level 6 in Fire Magic
 13990 | Lair:1   | Reached skill level 6 in Ice Magic
 13990 | Lair:1   | Reached skill level 6 in Air Magic
 13990 | Lair:1   | Reached skill level 6 in Earth Magic
 13990 | Lair:1   | Reached skill level 6 in Poison Magic
 14088 | Lair:1   | Reached skill level 8 in Invocations
 14131 | Lair:1   | Reached skill level 9 in Spellcasting
 14135 | Lair:1   | Reached *** piety under Wu Jian
 14145 | Lair:1   | HP: 44/91 [yak (10)]
 14152 | Lair:1   | HP: 35/91 [yak (4)]
 14331 | Lair:1   | Identified the +1 robe "Mobem" {+Blink +Inv rF+++ Slay-6}
 14580 | Lair:2   | Noticed Gastronok
 14763 | Lair:2   | Reached skill level 8 in Short Blades
 14903 | Lair:2   | Found a gate leading to a gauntlet.
 14912 | Gauntlet | Entered a Gauntlet
 14912 | Gauntlet | Found a transporter.
 14912 | Gauntlet | Found a large runed translucent door.
 14912 | Gauntlet | Found a large runed translucent door.
 14912 | Gauntlet | Found a large runed translucent door.
 14912 | Gauntlet | Found a large runed translucent door.
 14912 | Gauntlet | Found a large runed translucent door.
 14912 | Gauntlet | Found a large runed translucent door.
 14912 | Gauntlet | Found a runed translucent door.
 14912 | Gauntlet | Found a runed translucent door.
 14912 | Gauntlet | Found a large runed translucent door.
 14912 | Gauntlet | Found a large runed translucent door.
 14912 | Gauntlet | Found a large runed translucent door.
 14912 | Gauntlet | Found a large runed translucent door.
 14912 | Gauntlet | Found a large runed translucent door.
 14912 | Gauntlet | Found a large runed translucent door.
 14921 | Gauntlet | Found a transporter.
 14935 | Gauntlet | Found a transporter.
 14939 | Gauntlet | Found a transporter.
 14957 | Gauntlet | Found a transporter.
 14963 | Gauntlet | Noticed a blizzard demon
 14969 | Gauntlet | Found a transporter.
 14970 | Gauntlet | Noticed a catoblepas
 14978 | Gauntlet | Noticed a death scarab
 14982 | Gauntlet | Found a transporter.
 14999 | Gauntlet | Found a transporter.
 15003 | Gauntlet | Found a transporter.
 15004 | Gauntlet | Noticed a death scarab
 15006 | Gauntlet | Found the +2 cloak of the Thief {*Fog Slay-2 SInv Stlth+}
 15011 | Gauntlet | Found a transporter.
 15024 | Gauntlet | Found a large runed translucent door.
 15025 | Gauntlet | Found a large runed translucent door.
 15027 | Gauntlet | Found a runed translucent gate.
 15028 | Gauntlet | Noticed a green death
 15033 | Gauntlet | Found a runed translucent gate.
 15033 | Gauntlet | Found a transporter.
 15033 | Gauntlet | Found a transporter.
 15034 | Gauntlet | Found a runed translucent gate.
 15067 | Gauntlet | Found a large runed translucent door.
 15067 | Gauntlet | Found a large runed translucent door.
 15122 | Lair:2   | Reached skill level 9 in Dodging
 15328 | Lair:2   | HP: 29/91 [Gastronok (20)]
 15331 | Lair:2   | Killed Gastronok
 15419 | Lair:2   | Found a staircase to the Snake Pit.
 15594 | Lair:2   | Noticed a seven-headed hydra
 15904 | Lair:2   | Noticed a six-headed hydra
 16024 | Lair:2   | Killed a six-headed hydra
 16025 | Lair:2   | Reached skill level 10 in Stealth
 16098 | Lair:2   | Reached skill level 8 in Fighting
 16098 | Lair:2   | Reached skill level 8 in Long Blades
 16098 | Lair:2   | Reached skill level 8 in Axes
 16098 | Lair:2   | Reached skill level 8 in Maces & Flails
 16098 | Lair:2   | Reached skill level 8 in Polearms
 16098 | Lair:2   | Reached skill level 8 in Staves
 16098 | Lair:2   | Reached skill level 8 in Ranged Weapons
 16098 | Lair:2   | Reached skill level 8 in Throwing
 16098 | Lair:2   | Reached skill level 8 in Armour
 16098 | Lair:2   | Reached skill level 8 in Shields
 16098 | Lair:2   | Reached skill level 8 in Unarmed Combat
 16098 | Lair:2   | Reached skill level 8 in Evocations
 16195 | Lair:2   | Found a staircase to the Swamp.
 16298 | Lair:2   | Reached XP level 13. HP: 85/98 MP: 18/26
 16634 | Lair:3   | Reached skill level 9 in Invocations
 16675 | Lair:3   | Noticed Sonja
 16676 | Lair:3   | Sonja changed into Sonja the steam dragon
 16676 | Lair:3   | Noticed Sonja
 16681 | Lair:3   | Killed Sonja the steam dragon
 16908 | Lair:3   | Reached **** piety under Wu Jian
 17056 | Lair:3   | Identified the +7 hand axe of Traps {flame, Dex+2}
 17156 | Lair:3   | HP: 47/99 [yak (10)]
 17158 | Lair:3   | Reached skill level 7 in Conjurations
 17158 | Lair:3   | Reached skill level 9 in Hexes
 17158 | Lair:3   | Reached skill level 7 in Summonings
 17158 | Lair:3   | Reached skill level 7 in Necromancy
 17158 | Lair:3   | Reached skill level 7 in Translocations
 17158 | Lair:3   | Reached skill level 7 in Transmutations
 17158 | Lair:3   | Reached skill level 7 in Fire Magic
 17158 | Lair:3   | Reached skill level 7 in Ice Magic
 17158 | Lair:3   | Reached skill level 7 in Air Magic
 17158 | Lair:3   | Reached skill level 7 in Earth Magic
 17158 | Lair:3   | Reached skill level 7 in Poison Magic
 17951 | Lair:4   | Reached skill level 9 in Short Blades
 18068 | Lair:4   | Reached skill level 10 in Spellcasting
 18241 | Lair:4   | Found the +8 lance "Wyrmbane" {slay drac, rPois rF+ rC+
                  | AC+3}
 18673 | Lair:5   | Entered Level 5 of the Lair of Beasts
 19134 | Lair:5   | Reached skill level 10 in Dodging
 19227 | Lair:5   | Reached ***** piety under Wu Jian
 19384 | Lair:5   | Reached skill level 9 in Fighting
 19384 | Lair:5   | Reached skill level 9 in Long Blades
 19384 | Lair:5   | Reached skill level 9 in Axes
 19384 | Lair:5   | Reached skill level 9 in Maces & Flails
 19384 | Lair:5   | Reached skill level 9 in Polearms
 19384 | Lair:5   | Reached skill level 9 in Staves
 19384 | Lair:5   | Reached skill level 9 in Ranged Weapons
 19384 | Lair:5   | Reached skill level 9 in Throwing
 19384 | Lair:5   | Reached skill level 9 in Armour
 19384 | Lair:5   | Reached skill level 9 in Shields
 19384 | Lair:5   | Reached skill level 9 in Unarmed Combat
 19384 | Lair:5   | Reached skill level 9 in Evocations
 19535 | Lair:5   | Found a staircase to the Slime Pits.
 19535 | Lair:5   | Found a viscous altar of Jiyva.
 19945 | Lair:5   | Reached skill level 10 in Invocations
 19945 | Lair:5   | Reached XP level 14. HP: 108/108 MP: 21/28
 20197 | Lair:5   | Reached skill level 11 in Stealth
 20203 | Lair:5   | Noticed a dire elephant
 20395 | Lair:5   | Killed a dire elephant
 20684 | Lair:5   | HP: 48/108 [catoblepas (21)]
 20691 | Lair:5   | HP: 40/108 [catoblepas (10)]
 20998 | Lair:5   | HP: 50/108 [poisoned by a black mamba]
 21408 | Orc:1    | Entered Level 1 of the Orcish Mines
 21452 | Orc:1    | HP: 54/108 [warg (8)]
 21880 | Orc:2    | Entered Level 2 of the Orcish Mines
 22258 | Orc:2    | Found a staircase to the Elven Halls.
 22275 | Orc:2    | Noticed an orc warlord
 22329 | Orc:2    | Killed an orc warlord
 22330 | Orc:2    | Reached skill level 8 in Conjurations
 22330 | Orc:2    | Reached skill level 8 in Summonings
 22330 | Orc:2    | Reached skill level 8 in Necromancy
 22330 | Orc:2    | Reached skill level 8 in Translocations
 22330 | Orc:2    | Reached skill level 8 in Transmutations
 22330 | Orc:2    | Reached skill level 8 in Fire Magic
 22330 | Orc:2    | Reached skill level 8 in Ice Magic
 22330 | Orc:2    | Reached skill level 8 in Air Magic
 22330 | Orc:2    | Reached skill level 8 in Earth Magic
 22330 | Orc:2    | Reached skill level 8 in Poison Magic
 22546 | Orc:2    | Reached ****** piety under Wu Jian
 22568 | Orc:2    | Reached skill level 10 in Short Blades
 23416 | Orc:2    | Found Zyofe's Weapon Shoppe.
 23416 | Orc:2    | Found Qovux Pich's Jewellery Boutique.
 23418 | Orc:2    | Found Qaekhluad's Distillery.
 23420 | Orc:2    | Found Poepe's Book Emporium.
 23477 | Orc:1    | Noticed Erica
 23645 | Orc:1    | Noticed Jorgrun
 23784 | Orc:2    | HP: 53/109 [Jorgrun/+0 vorpal quarterstaff (5)]
 23785 | Orc:2    | Reached skill level 11 in Spellcasting
 23786 | Orc:2    | HP: 26/109 [Jorgrun/+0 vorpal quarterstaff (27)]
 24306 | D:12     | Found Naifugo's CLEARANCE SALE!.
 24723 | D:13     | Found the +3 hat of Pondering {ponderous, Will+ MP+10
                  | Int+5}
 24857 | D:13     | Reached skill level 10 in Hexes
 24861 | D:13     | Found a gate to the Vaults.
 25295 | D:13     | Reached skill level 11 in Dodging
 25372 | D:13     | Noticed Josephine
 25376 | D:13     | Killed Josephine
 25377 | D:13     | Reached skill level 10 in Fighting
 25377 | D:13     | Reached skill level 10 in Long Blades
 25377 | D:13     | Reached skill level 10 in Axes
 25377 | D:13     | Reached skill level 10 in Maces & Flails
 25377 | D:13     | Reached skill level 10 in Polearms
 25377 | D:13     | Reached skill level 10 in Staves
 25377 | D:13     | Reached skill level 10 in Ranged Weapons
 25377 | D:13     | Reached skill level 10 in Throwing
 25377 | D:13     | Reached skill level 10 in Armour
 25377 | D:13     | Reached skill level 10 in Shields
 25377 | D:13     | Reached skill level 10 in Unarmed Combat
 25377 | D:13     | Reached skill level 10 in Evocations
 25572 | D:13     | Found Mexzuod's Serpentskin Sales.
 25592 | D:13     | HP: 53/110 [poisoned by a black mamba]
 25597 | D:13     | HP: 40/110 [naga mage/bolt of poison (4)]
 25602 | D:13     | HP: 31/110 [poisoned by a naga mage (bolt of poison)]
 25607 | D:13     | HP: 28/110 [poisoned by a naga mage (bolt of poison)]
 25839 | D:13     | Reached XP level 15. HP: 73/115 MP: 21/30
 25840 | D:13     | HP: 55/115 [naga/+0 trident (7)]
 25845 | D:13     | HP: 42/115 [poisoned by naga (concentrated venom)]
 26169 | D:14     | Reached skill level 11 in Invocations
 26317 | D:14     | Found a white marble altar of Elyvilon.
 26693 | D:14     | Identified the +1 quarterstaff of the Unseen Realm {freeze,
                  | rN+ Stlth+}
 27048 | D:15     | Entered Level 15 of the Dungeon
 27176 | D:15     | HP: 57/115 [necromancer/+0 dagger (3)]
 27699 | D:15     | Identified the +0 scale mail of Serendipity {Dex+2 SInv}
 27703 | D:15     | Paralysed by an orc warrior for 5 turns
 27750 | D:15     | Paralysed by an orc warrior for 3 turns
 27859 | D:15     | Found a staircase to the Depths.
 27869 | D:15     | Reached skill level 12 in Stealth
 28844 | Snake:1  | Entered Level 1 of the Snake Pit
 28983 | Snake:1  | Noticed Kirke
 29129 | Snake:1  | Killed Kirke
 29141 | Snake:1  | Found Leoh's Distillery.
 29143 | Snake:1  | Found Naoteoro's Antique Weapon Shop.
 29145 | Snake:1  | Found Laureff's General Store.
 29359 | Snake:1  | Reached skill level 11 in Short Blades
 29481 | Snake:1  | Reached skill level 9 in Conjurations
 29481 | Snake:1  | Reached skill level 9 in Summonings
 29481 | Snake:1  | Reached skill level 9 in Necromancy
 29481 | Snake:1  | Reached skill level 9 in Translocations
 29481 | Snake:1  | Reached skill level 9 in Transmutations
 29481 | Snake:1  | Reached skill level 9 in Fire Magic
 29481 | Snake:1  | Reached skill level 9 in Ice Magic
 29481 | Snake:1  | Reached skill level 9 in Air Magic
 29481 | Snake:1  | Reached skill level 9 in Earth Magic
 29481 | Snake:1  | Reached skill level 9 in Poison Magic
 30824 | Snake:2  | Reached skill level 12 in Spellcasting
 30824 | Snake:2  | Reached XP level 16. HP: 118/124 MP: 25/32
 31045 | Snake:2  | Reached skill level 11 in Fighting
 31045 | Snake:2  | Reached skill level 11 in Long Blades
 31045 | Snake:2  | Reached skill level 11 in Axes
 31045 | Snake:2  | Reached skill level 11 in Maces & Flails
 31045 | Snake:2  | Reached skill level 11 in Polearms
 31045 | Snake:2  | Reached skill level 11 in Staves
 31045 | Snake:2  | Reached skill level 11 in Ranged Weapons
 31045 | Snake:2  | Reached skill level 11 in Throwing
 31045 | Snake:2  | Reached skill level 11 in Armour
 31045 | Snake:2  | Reached skill level 11 in Shields
 31045 | Snake:2  | Reached skill level 11 in Unarmed Combat
 31045 | Snake:2  | Reached skill level 11 in Evocations
 31141 | Snake:2  | Reached skill level 12 in Invocations
 31521 | Snake:2  | Reached skill level 12 in Dodging
 32021 | Snake:3  | Reached skill level 11 in Hexes
 32514 | Snake:3  | Found Iseudd's General Store.
 32514 | Snake:3  | Found Ovioloar's Distillery.
 32747 | Snake:3  | HP: 49/125 [naga ritualist/+3 halberd (19)]
 32752 | Snake:3  | HP: 41/125 [something (19)]
 32757 | Snake:3  | HP: 48/125 [naga ritualist/Olgreb's Toxic Radiance (1)]
 32765 | Snake:3  | HP: 59/125 [black mamba[a naga ritualist] (10)]
 32770 | Snake:3  | HP: 53/125 [poisoned by a naga ritualist (toxic radiance)]
 32776 | Snake:3  | HP: 52/125 [poisoned by a naga ritualist (toxic radiance)]
 32990 | Snake:3  | Bought a potion of heal wounds for 65 gold pieces
 33093 | Snake:1  | Bought 2 potions of heal wounds for 120 gold pieces
 33097 | Snake:1  | Bought a potion of heal wounds for 95 gold pieces
 33387 | Snake:4  | Entered Level 4 of the Snake Pit
 33717 | Snake:4  | Noticed Saint Roka
 33723 | Snake:4  | HP: 62/126 [orc warrior/+0 war axe[Saint Roka] (10)]
 33745 | Snake:4  | HP: 59/126 [Saint Roka/divine providence (7)]
 33749 | Snake:4  | Killed Saint Roka
 33986 | Snake:4  | Reached skill level 13 in Stealth
 34201 | Snake:4  | Reached skill level 12 in Short Blades
 34510 | Snake:4  | Reached XP level 17. HP: 133/133 MP: 33/33
 34909 | Snake:4  | Reached skill level 10 in Conjurations
 34909 | Snake:4  | Reached skill level 10 in Summonings
 34909 | Snake:4  | Reached skill level 10 in Necromancy
 34909 | Snake:4  | Reached skill level 10 in Translocations
 34909 | Snake:4  | Reached skill level 10 in Transmutations
 34909 | Snake:4  | Reached skill level 10 in Fire Magic
 34909 | Snake:4  | Reached skill level 10 in Ice Magic
 34909 | Snake:4  | Reached skill level 10 in Air Magic
 34909 | Snake:4  | Reached skill level 10 in Earth Magic
 34909 | Snake:4  | Reached skill level 10 in Poison Magic
 35305 | Snake:4  | Noticed Vashnia
 35337 | Snake:4  | Reached skill level 13 in Invocations
 35533 | Swamp:1  | Entered Level 1 of the Swamp
 35578 | Swamp:1  | Reached skill level 12 in Fighting
 35578 | Swamp:1  | Reached skill level 12 in Long Blades
 35578 | Swamp:1  | Reached skill level 12 in Axes
 35578 | Swamp:1  | Reached skill level 12 in Maces & Flails
 35578 | Swamp:1  | Reached skill level 12 in Polearms
 35578 | Swamp:1  | Reached skill level 12 in Staves
 35578 | Swamp:1  | Reached skill level 12 in Ranged Weapons
 35578 | Swamp:1  | Reached skill level 12 in Throwing
 35578 | Swamp:1  | Reached skill level 12 in Armour
 35578 | Swamp:1  | Reached skill level 12 in Shields
 35578 | Swamp:1  | Reached skill level 12 in Unarmed Combat
 35578 | Swamp:1  | Reached skill level 12 in Evocations
 35722 | Swamp:1  | Reached skill level 13 in Spellcasting
 36589 | Swamp:2  | Reached skill level 13 in Dodging
 36899 | Swamp:2  | Noticed Deodd's ghost (adept GrFi)
 36901 | Swamp:2  | Found a runed translucent gate.
 36901 | Swamp:2  | Noticed a tentacled monstrosity
 36902 | Swamp:2  | Found a runed translucent gate.
 36902 | Swamp:2  | Found a runed translucent gate.
 37597 | Swamp:3  | Noticed a tentacled monstrosity
 37674 | Swamp:3  | Found an ornate altar of the Wu Jian Council.
 37678 | Swamp:3  | Killed a tentacled monstrosity
 37701 | Swamp:3  | HP: 67/134 [four-headed hydra (3)]
 37771 | Swamp:3  | Noticed a tentacled monstrosity
 37915 | Swamp:2  | HP: 63/134 [bunyip (23)]
 38257 | Swamp:4  | Entered Level 4 of the Swamp
 38271 | Swamp:4  | Noticed Donald
 38474 | Swamp:3  | Killed a tentacled monstrosity
 38806 | Swamp:4  | Reached XP level 18. HP: 102/141 MP: 31/35
 39178 | Swamp:4  | Killed Donald
 39532 | Swamp:4  | Reached skill level 12 in Hexes
 40062 | Swamp:4  | Reached skill level 13 in Short Blades
 40085 | Swamp:4  | Reached skill level 14 in Stealth
 40104 | Swamp:4  | Noticed the 27-headed Lernaean hydra
 40190 | Lair:2   | Learned a level 5 spell: Alistair's Intoxication
 40196 | Lair:2   | Learned a level 5 spell: Borgnjor's Vile Clutch
 41229 | Snake:4  | Got a serpentine rune of Zot
 41552 | Vaults:1 | Entered Level 1 of the Vaults
 41767 | Vaults:1 | Paralysed by a great orb of eyes for 4 turns
 41935 | Vaults:1 | Found a crumbling gateway.
 41941 | Vaults:1 | Reached skill level 14 in Invocations
 41964 | Desolati | Entered the Desolation of Salt
 42048 | Desolati | Found the +8 autumn katana {vorpal, manifold assault}
 42052 | Desolati | Got Taipug's Folio of the Evil Birds
 42057 | Desolati | Reached skill level 11 in Conjurations
 42057 | Desolati | Reached skill level 11 in Summonings
 42057 | Desolati | Reached skill level 11 in Necromancy
 42057 | Desolati | Reached skill level 11 in Translocations
 42057 | Desolati | Reached skill level 11 in Transmutations
 42057 | Desolati | Reached skill level 11 in Fire Magic
 42057 | Desolati | Reached skill level 11 in Ice Magic
 42057 | Desolati | Reached skill level 11 in Air Magic
 42057 | Desolati | Reached skill level 11 in Earth Magic
 42057 | Desolati | Reached skill level 11 in Poison Magic
 42058 | Desolati | Identified the ring of Cuffeeli {Ice *Corrode Str+4}
 42178 | Desolati | Reached skill level 13 in Fighting
 42178 | Desolati | Reached skill level 13 in Long Blades
 42178 | Desolati | Reached skill level 13 in Axes
 42178 | Desolati | Reached skill level 13 in Maces & Flails
 42178 | Desolati | Reached skill level 13 in Polearms
 42178 | Desolati | Reached skill level 13 in Staves
 42178 | Desolati | Reached skill level 13 in Ranged Weapons
 42178 | Desolati | Reached skill level 13 in Throwing
 42178 | Desolati | Reached skill level 13 in Armour
 42178 | Desolati | Reached skill level 13 in Shields
 42178 | Desolati | Reached skill level 13 in Unarmed Combat
 42178 | Desolati | Reached skill level 13 in Evocations
 42342 | Desolati | Identified the +6 glaive of the Hand {protect, Str+4 SInv}
 42342 | Desolati | Identified the +0 fire dragon scales of Kynerigh {Rampage
                  | rF++ rC- MP+9}
 42711 | Desolati | HP: 63/143 [ragged hierophant/a resonance strike (23)]
 42948 | Desolati | Got the Compendium of Envenoming and Battling
 43094 | Desolati | Got the Tome of Damage Dealing
 43098 | Desolati | Got the Folio of Filthy Invitation
 43102 | Desolati | Got the Compilation of Permutations and Companions
 43106 | Desolati | Got the Writings on Intoxication and Transmigration
 43168 | Desolati | HP: 57/143 [peacekeeper (27)]
 43447 | Desolati | Reached skill level 14 in Spellcasting
 43523 | Desolati | HP: 62/143 [peacekeeper (10)]
 43533 | Desolati | HP: 60/143 [peacekeeper (14)]
 43554 | Desolati | HP: 64/143 [saltling (8)]
 43957 | Vaults:1 | HP: 56/143 [dire elephant (20)]
 44184 | Vaults:1 | Reached XP level 19. HP: 125/149 MP: 37/37
 44311 | Vaults:1 | Reached skill level 14 in Dodging
 44918 | Vaults:1 | HP: 71/149 [harpy (8)]
 44931 | Vaults:1 | HP: 73/149 [harpy (2)]
 45555 | Vaults:1 | Noticed Zenata
 45562 | Vaults:1 | Killed Zenata
 46779 | Vaults:2 | Found a staircase to the Crypt.
 47038 | Vaults:2 | Identified the +3 falchion of Responsibility {freeze, rC+
                  | rN+}
 47451 | Vaults:2 | Identified the +6 hand axe of Sulphur {elec, rN+}
 48312 | Vaults:3 | Paralysed by a sphinx for 3 turns
 48314 | Vaults:3 | HP: 66/151 [sphinx (16)]
 48319 | Vaults:3 | Reached skill level 14 in Short Blades
 49020 | Orc:2    | Killed Jorgrun
 49165 | Orc:2    | Bought a book of Power for 504 gold pieces
 49263 | D:7      | Bought a book of Blasting for 600 gold pieces
 49269 | D:7      | Learned a level 5 spell: Lee's Rapid Deconstruction
 49505 | Vaults:3 | Noticed a tentacled monstrosity
 49529 | Vaults:3 | Killed a tentacled monstrosity
 49844 | Vaults:3 | Reached skill level 15 in Invocations
 49928 | Vaults:3 | Reached skill level 15 in Stealth
 49970 | Vaults:3 | Got Sif Muna's Commentary on the Gusty Wayfarer
 49976 | Vaults:3 | Learned a level 4 spell: Passage of Golubria
 50213 | Vaults:3 | Found Vekubb's Weapon Shoppe.
 50327 | Vaults:3 | Reached XP level 20. HP: 158/158 MP: 23/38
 50643 | Vaults:4 | Reached skill level 13 in Hexes
 50862 | Vaults:4 | Reached skill level 14 in Fighting
 50862 | Vaults:4 | Reached skill level 14 in Long Blades
 50862 | Vaults:4 | Reached skill level 14 in Axes
 50862 | Vaults:4 | Reached skill level 14 in Maces & Flails
 50862 | Vaults:4 | Reached skill level 14 in Polearms
 50862 | Vaults:4 | Reached skill level 14 in Staves
 50862 | Vaults:4 | Reached skill level 14 in Ranged Weapons
 50862 | Vaults:4 | Reached skill level 14 in Throwing
 50862 | Vaults:4 | Reached skill level 14 in Armour
 50862 | Vaults:4 | Reached skill level 14 in Shields
 50862 | Vaults:4 | Reached skill level 14 in Unarmed Combat
 50862 | Vaults:4 | Reached skill level 14 in Evocations
 51133 | Vaults:4 | Found Currur's Armour Emporium.
 51180 | Vaults:4 | Bought the +3 crown of Dyrovepreva {rElec Int+2 SInv} for
                  | 621 gold pieces
 51180 | Vaults:4 | Found the +3 crown of Dyrovepreva {rElec Int+2 SInv}
 51307 | Vaults:4 | Reached skill level 12 in Conjurations
 51307 | Vaults:4 | Reached skill level 12 in Summonings
 51307 | Vaults:4 | Reached skill level 12 in Necromancy
 51307 | Vaults:4 | Reached skill level 12 in Translocations
 51307 | Vaults:4 | Reached skill level 12 in Transmutations
 51307 | Vaults:4 | Reached skill level 12 in Fire Magic
 51307 | Vaults:4 | Reached skill level 12 in Ice Magic
 51307 | Vaults:4 | Reached skill level 12 in Air Magic
 51307 | Vaults:4 | Reached skill level 12 in Earth Magic
 51307 | Vaults:4 | Reached skill level 12 in Poison Magic
 51723 | Vaults:4 | Found a transporter.
 51745 | Vaults:4 | Found a transporter.
 51980 | Vaults:4 | Reached skill level 15 in Spellcasting
 52232 | Vaults:4 | Reached skill level 15 in Dodging
 52913 | Vaults:4 | HP: 80/160 [dire elephant (22)]
 52928 | Vaults:4 | HP: 61/160 [dire elephant (24)]
 52969 | Vaults:4 | HP: 42/160 [ironbound frostheart/creeping frost (8)]
 53782 | Elf:1    | Entered Level 1 of the Elven Halls
 54370 | Elf:1    | Got the Enchiridion on the Union
 54508 | Elf:1    | Found Taili's Antique Weapon Shoppe.
 54999 | Elf:2    | Found Meplea Isut's General Store.
 54999 | Elf:2    | Found Jugoeti's Book Shoppe.
 55040 | Elf:2    | Reached XP level 21. HP: 129/166 MP: 30/40
 55147 | Elf:2    | Found Oqoiq's Assorted Antiques.
 55320 | Elf:2    | Found Sillagic's Book Emporium.
 55346 | Elf:2    | HP: 75/152 [reaper/+3 vorpal scythe[a deep elf
                  | demonologist] (28)]
 55351 | Elf:2    | HP: 66/152 [poisoned by miscasting Alistair's Intoxication]
 55368 | Elf:1    | HP: 65/152 [deep elf zephyrmancer/bolt of lightning (6)]
 55796 | Elf:2    | sleeves: ??vertigo
 55796 | Elf:2    | beem: vertigo[1/1]: A short-lived status (3-6 turns) caused
                  | by casting {Alistair's Intoxication} or from Xom. The
                  | effect is about the same as wearing heavier armour:
                  | decreased EV, increased spellcasting failure, and decreased
                  | accuracy.
 55879 | Elf:2    | Found Fusiohioru's Jewellery Boutique.
 55994 | Elf:2    | Reached skill level 16 in Invocations
 56262 | Elf:2    | Reached skill level 15 in Short Blades
 56440 | Elf:2    | Found a huge runed translucent gate.
 56440 | Elf:2    | Found a huge runed translucent gate.
 56440 | Elf:2    | Found a huge runed translucent gate.
 56440 | Elf:2    | Found a huge runed translucent gate.
 56442 | Elf:2    | Found a huge runed translucent gate.
 57536 | Elf:2    | HP: 82/167 [+3 antimagic trident (13)]
 58169 | Elf:2    | sleeves: ??autumn blade
 58169 | Elf:2    | beem: I don't have a page labeled autumn_blade in my
                  | learndb.
 58169 | Elf:2    | sleeves: ??autumn katana
 58169 | Elf:2    | beem: autumn katana[1/2]: (long blades; +3 acc / 13 dam /
                  | 1.2 base delay / 0.6 min delay; one handed). A +8 vorpal
                  | katana {clarity} that didn't get the news about katana
                  | removal. In 0.28+, trades clarity for a chance of casting
                  | {manifold assault} on-hit.
 58169 | Elf:2    | sleeves: ??autumn katana[2]
 58169 | Elf:2    | beem: autumn katana[2/2]: The manifold assault brand has a
                  | chance to trigger upon hitting something in melee,
                  | attacking as many as 4 other targets in LoS in addition to
                  | the original melee target.
 58297 | Elf:3    | Entered Level 3 of the Elven Halls
 58571 | Elf:3    | Noticed Aizul
 58573 | Elf:3    | Killed Aizul
 59091 | Elf:3    | Reached skill level 16 in Stealth
 59189 | Elf:3    | Reached skill level 15 in Fighting
 59189 | Elf:3    | Reached skill level 15 in Long Blades
 59189 | Elf:3    | Reached skill level 15 in Axes
 59189 | Elf:3    | Reached skill level 15 in Maces & Flails
 59189 | Elf:3    | Reached skill level 15 in Polearms
 59189 | Elf:3    | Reached skill level 15 in Staves
 59189 | Elf:3    | Reached skill level 15 in Ranged Weapons
 59189 | Elf:3    | Reached skill level 15 in Throwing
 59189 | Elf:3    | Reached skill level 15 in Armour
 59189 | Elf:3    | Reached skill level 15 in Shields
 59189 | Elf:3    | Reached skill level 15 in Unarmed Combat
 59189 | Elf:3    | Reached skill level 15 in Evocations
 59812 | Elf:3    | HP: 76/168 [Hell Sentinel/damnation[a deep elf
                  | demonologist] (47)]
 60660 | Elf:3    | Identified the +2 robe of the Morning {rC+ Regen+}
 60686 | Elf:3    | Got Advanced Steps in Wizarding
 60746 | Elf:3    | Identified the +1 pair of boots of Nesem {rElec rF++ Str+3
                  | Int-3}
 60763 | Elf:3    | Identified the +5 glaive of Qeuttour {freeze, rPois rN+
                  | Stlth+}
 60764 | Elf:3    | Identified the +0 dagger of the World {vamp, Int+7}
 61146 | Depths:1 | Entered Level 1 of the Depths
 61196 | Depths:1 | HP: 77/168 [iron troll (12)]
 61202 | Depths:1 | HP: 69/168 [iron troll (10)]
 61342 | Depths:1 | Reached skill level 14 in Hexes
 61373 | Depths:1 | Reached skill level 16 in Spellcasting
 61377 | Depths:1 | Reached skill level 13 in Conjurations
 61377 | Depths:1 | Reached skill level 13 in Summonings
 61377 | Depths:1 | Reached skill level 13 in Necromancy
 61377 | Depths:1 | Reached skill level 13 in Translocations
 61377 | Depths:1 | Reached skill level 13 in Transmutations
 61377 | Depths:1 | Reached skill level 13 in Fire Magic
 61377 | Depths:1 | Reached skill level 13 in Ice Magic
 61377 | Depths:1 | Reached skill level 13 in Air Magic
 61377 | Depths:1 | Reached skill level 13 in Earth Magic
 61377 | Depths:1 | Reached skill level 13 in Poison Magic
 61493 | Depths:1 | Reached XP level 22. HP: 119/175 MP: 23/42
 61514 | Depths:1 | Found a gateway to Hell.
 61530 | Depths:1 | HP: 81/175 [balrug/+0 demon whip of venom (8)]
 61547 | Depths:1 | Identified the ring "Hoit" {rN+ Int+6 Dex+4}
 61583 | Depths:1 | Found a one-way gate to the infinite horrors of the Abyss.
 61677 | Depths:1 | Found a magical portal.
 61682 | WizLab   | Entered Maxwell's Workshop
 61802 | WizLab   | Found the +15 Maxwell's patent armour {-Cast -Tele rElec
                  | Will+ rCorr}
 61803 | WizLab   | Found the +2 Maxwell's thermic engine {flame, freeze}
 61844 | WizLab   | Acquired the ring of Quel {rF+ Int+4}
 61932 | WizLab   | HP: 81/175 [war gargoyle/spray of metal splinters (41)]
 62168 | WizLab   | Reached skill level 16 in Dodging
 62458 | WizLab   | Identified the +0 robe of Tenacity {rPois}
 62537 | WizLab   | Identified the ring "Ethomnea" {rElec rPois rCorr Int+4}
 62707 | Depths:1 | Acquired 923 gold pieces
 62727 | Depths:1 | Found a stormy altar of Qazlal.
 63099 | Depths:1 | Found a hide-covered altar of Uskayaw.
 63441 | Depths:2 | You fall into a shaft and drop 1 floor!
 63672 | Depths:2 | Found an opulent altar of Gozag.
 63798 | Depths:2 | Found a one-way gate leading to the halls of Pandemonium.
 63843 | Depths:2 | Noticed Asterion
 63846 | Depths:2 | Killed Asterion
 64103 | Depths:2 | HP: 83/176 [green death/bolt of poison[a Zot trap] (11)]
 64577 | Depths:2 | HP: 87/177 [vampire knight/stone (6)]
 65009 | Depths:2 | Reached skill level 17 in Invocations
 65672 | Depths:3 | Reached skill level 16 in Short Blades
 66151 | Depths:3 | Found Boucre's Jewellery Emporium.
 66151 | Depths:3 | Found Ixuesenu's General Store.
 66152 | Depths:3 | Found Abueh's Magic Scroll Shoppe.
 66156 | Depths:3 | Found Esti's Assorted Antiques.
 66693 | Depths:3 | Noticed Louise
 66722 | Depths:3 | Killed Louise
 66725 | Depths:3 | Reached XP level 23. HP: 183/183 MP: 22/43
 66889 | Depths:3 | HP: 84/183 [dire elephant (19)]
 67359 | Depths:3 | Reached skill level 16 in Fighting
 67359 | Depths:3 | Reached skill level 16 in Long Blades
 67359 | Depths:3 | Reached skill level 16 in Axes
 67359 | Depths:3 | Reached skill level 16 in Maces & Flails
 67359 | Depths:3 | Reached skill level 16 in Polearms
 67359 | Depths:3 | Reached skill level 16 in Staves
 67359 | Depths:3 | Reached skill level 16 in Ranged Weapons
 67359 | Depths:3 | Reached skill level 16 in Throwing
 67359 | Depths:3 | Reached skill level 16 in Armour
 67359 | Depths:3 | Reached skill level 16 in Shields
 67359 | Depths:3 | Reached skill level 16 in Unarmed Combat
 67359 | Depths:3 | Reached skill level 16 in Evocations
 67718 | Depths:4 | Entered Level 4 of the Depths
 67782 | Depths:4 | Found a one-way gateway to a ziggurat.
 67824 | Depths:4 | Reached skill level 17 in Stealth
 67841 | Depths:4 | Noticed a juggernaut
 68101 | Depths:3 | HP: 79/184 [iron troll (18)]
 68472 | Depths:4 | HP: 82/184 [deep troll (31)]
 69066 | Depths:4 | Found the +8 Vampire's Tooth {vamp}
 69134 | Depths:4 | Killed a juggernaut
 69524 | Depths:4 | Paralysed by a floating eye for 2 turns
 69530 | Depths:4 | Paralysed by a floating eye for 4 turns
 69536 | Depths:4 | Paralysed by a floating eye for 3 turns
 69541 | Depths:4 | Paralysed by a floating eye for 3 turns
 69546 | Depths:4 | Paralysed by a floating eye for 4 turns
 69912 | Depths:4 | Reached skill level 17 in Spellcasting
 69976 | Depths:4 | HP: 91/185 [purple draconian/bolt of dispelling energy
                  | (31)]
 69984 | Depths:4 | HP: 70/185 [purple draconian/bolt of dispelling energy
                  | (25)]
 70364 | Depths:4 | Identified the +0 ring mail "Ammus" {Rampage rF+++ rN+
                  | Str-2}
 70663 | Depths:4 | Found a gate to the Realm of Zot.
 70817 | Depths:4 | sleeves: ??wyrmbane
 70817 | Depths:4 | beem: wyrmbane[1/3]: (polearms; +4 acc / 8 dam / 1.1 base
                  | delay / 0.5 min delay) A scale-covered lance +8 Wyrmbane
                  | {slay drac, rPois rF+ rC+ AC+3}. Gains +1 enchantment every
                  | time it lands the finishing blow against a {slay drac}
                  | affected monster (up to the lower of +18 or the dragon's
                  | HD).
 70823 | Depths:4 | Paralysed by a floating eye for 3 turns
 71101 | Elf:2    | Bought a book of the Warp for 588 gold pieces
 71108 | Elf:2    | Learned a level 6 spell: Dispersal
 71113 | Elf:2    | Learned a level 4 spell: Manifold Assault
 71120 | Elf:2    | Reached skill level 17 in Dodging
 71120 | Elf:2    | Reached skill level 14 in Conjurations
 71120 | Elf:2    | Reached skill level 14 in Summonings
 71120 | Elf:2    | Reached skill level 14 in Necromancy
 71120 | Elf:2    | Reached skill level 14 in Translocations
 71120 | Elf:2    | Reached skill level 14 in Transmutations
 71120 | Elf:2    | Reached skill level 14 in Fire Magic
 71120 | Elf:2    | Reached skill level 14 in Ice Magic
 71120 | Elf:2    | Reached skill level 14 in Air Magic
 71120 | Elf:2    | Reached skill level 14 in Earth Magic
 71120 | Elf:2    | Reached skill level 14 in Poison Magic
 71120 | Elf:2    | Reached XP level 24. HP: 193/193 MP: 44/44
 71139 | Elf:2    | Learned a level 7 spell: Malign Gateway
 71150 | Elf:2    | Learned a level 7 spell: Spellforged Servitor
 71157 | Elf:2    | Learned a level 6 spell: Iron Shot
 71188 | Elf:2    | Bought a book of Armaments for 468 gold pieces
 71188 | Elf:2    | Bought a book of Maledictions for 338 gold pieces
 71200 | Elf:2    | Learned a level 8 spell: Lehudib's Crystal Spear
 71208 | Elf:2    | Learned a level 7 spell: Enfeeble
 71769 | Crypt:1  | Entered Level 1 of the Crypt
 72046 | Crypt:1  | Reached skill level 15 in Hexes
 72711 | Crypt:1  | Reached skill level 18 in Invocations
 72719 | Crypt:1  | HP: 92/190 [ancient champion/iron shot (23)]
 72724 | Crypt:1  | HP: 90/191 [skeletal warrior/+0 trident (2)]
 72971 | Crypt:1  | Found an ancient bone altar of Kikubaaqudgha.
 73372 | Crypt:2  | Noticed Grunn
 73407 | Crypt:1  | HP: 93/188 [poison (dark miasma)]
 73412 | Crypt:1  | HP: 88/188 [poison (dark miasma)]
 73423 | Crypt:1  | HP: 51/188 [???[a doom hound] (39)]
 73637 | Crypt:1  | Killed Grunn
 73965 | Crypt:2  | Reached XP level 25. HP: 167/188 MP: 14/44
 74292 | Crypt:2  | Got the Precepts of Proximity
 74467 | Crypt:2  | Noticed Margery
 74480 | Crypt:2  | Killed Margery
 74582 | Crypt:2  | Noticed Frederick
 74618 | Crypt:2  | Killed Frederick
 74823 | Crypt:3  | Entered Level 3 of the Crypt
 74834 | Crypt:3  | Reached skill level 17 in Short Blades
 75767 | Crypt:3  | Found an ancient bone altar of Kikubaaqudgha.
 75767 | Crypt:3  | Noticed an ancient lich
 75802 | Crypt:3  | HP: 83/200 [ancient lich/bolt of acid (61)]
 75803 | Crypt:3  | Killed an ancient lich
 75820 | Crypt:3  | HP: 81/200 [hell knight/+5 great mace of flaming (13)]
 76321 | Crypt:3  | Reached skill level 17 in Fighting
 76321 | Crypt:3  | Reached skill level 17 in Long Blades
 76321 | Crypt:3  | Reached skill level 17 in Axes
 76321 | Crypt:3  | Reached skill level 17 in Maces & Flails
 76321 | Crypt:3  | Reached skill level 17 in Polearms
 76321 | Crypt:3  | Reached skill level 17 in Staves
 76321 | Crypt:3  | Reached skill level 17 in Ranged Weapons
 76321 | Crypt:3  | Reached skill level 17 in Throwing
 76321 | Crypt:3  | Reached skill level 17 in Armour
 76321 | Crypt:3  | Reached skill level 17 in Shields
 76321 | Crypt:3  | Reached skill level 17 in Unarmed Combat
 76321 | Crypt:3  | Reached skill level 17 in Evocations
 76542 | Crypt:3  | Identified the +9 halberd of the Vestibule of Hell {freeze,
                  | Fly rElec rC+}
 76670 | Crypt:3  | HP: 95/194 [+1 vorpal halberd (16)]
 76693 | Crypt:3  | HP: 60/195 [+1 vorpal halberd (21)]
 77013 | Crypt:3  | Found a staircase to the Tomb.
 77709 | Crypt:3  | Reached skill level 18 in Stealth
 78510 | Vaults:5 | Entered Level 5 of the Vaults
 78520 | Vaults:5 | HP: 100/201 [cloud of flame (1)]
 78621 | Vaults:5 | HP: 93/201 [titan/the air (13)]
 79100 | Vaults:5 | HP: 90/201 [titan (33)]
 79115 | Vaults:4 | HP: 88/201 [titan (23)]
 79121 | Vaults:4 | HP: 88/201 [tentacled monstrosity (4)]
 79635 | Vaults:5 | Reached skill level 18 in Spellcasting
 79638 | Vaults:5 | HP: 98/201 [poisoned by a death drake (dark miasma)]
 79643 | Vaults:4 | HP: 96/201 [poisoned by a death drake (dark miasma)]
 80251 | Vaults:5 | Reached XP level 26. HP: 207/208 MP: 39/45
 80561 | Vaults:5 | Reached skill level 18 in Dodging
 80719 | Vaults:5 | Identified the amulet "Ychegeun" {Spirit Contam rN++ SInv}
 81325 | Vaults:5 | Got a silver rune of Zot
 81419 | Vaults:5 | Reached skill level 19 in Invocations
 82137 | Vaults:5 | Reached skill level 15 in Conjurations
 82137 | Vaults:5 | Reached skill level 15 in Summonings
 82137 | Vaults:5 | Reached skill level 15 in Necromancy
 82137 | Vaults:5 | Reached skill level 15 in Translocations
 82137 | Vaults:5 | Reached skill level 15 in Transmutations
 82137 | Vaults:5 | Reached skill level 15 in Fire Magic
 82137 | Vaults:5 | Reached skill level 15 in Ice Magic
 82137 | Vaults:5 | Reached skill level 15 in Air Magic
 82137 | Vaults:5 | Reached skill level 15 in Earth Magic
 82137 | Vaults:5 | Reached skill level 15 in Poison Magic
 82439 | Vaults:5 | Noticed a dread lich
 82442 | Vaults:5 | Killed a dread lich
 83024 | Slime:1  | Entered Level 1 of the Pits of Slime
 83578 | Slime:4  | Reached skill level 16 in Hexes
 83764 | Slime:2  | Found a viscous altar of Jiyva.
 83907 | Slime:3  | Reached skill level 18 in Short Blades
 84461 | Slime:5  | Entered Level 5 of the Pits of Slime
 85502 | Slime:5  | Noticed the Royal Jelly
 85853 | Slime:5  | Killed the Royal Jelly
 85858 | Slime:5  | HP: 104/211 [acid blob/splash of acid[the Royal Jelly]
                  | (13)]
 86329 | Slime:5  | Reached skill level 18 in Fighting
 86329 | Slime:5  | Reached skill level 18 in Long Blades
 86329 | Slime:5  | Reached skill level 18 in Axes
 86329 | Slime:5  | Reached skill level 18 in Maces & Flails
 86329 | Slime:5  | Reached skill level 18 in Polearms
 86329 | Slime:5  | Reached skill level 18 in Staves
 86329 | Slime:5  | Reached skill level 18 in Ranged Weapons
 86329 | Slime:5  | Reached skill level 18 in Throwing
 86329 | Slime:5  | Reached skill level 18 in Armour
 86329 | Slime:5  | Reached skill level 18 in Shields
 86329 | Slime:5  | Reached skill level 18 in Unarmed Combat
 86329 | Slime:5  | Reached skill level 18 in Evocations
 86468 | Slime:5  | Identified the +11 trident of Ytwid {antimagic, Contam
                  | Dex+10}
 86477 | Slime:5  | Identified the +9 battleaxe "Houwos" {freeze, Drain Will+
                  | Str+6}
 86494 | Slime:5  | Got a slimy rune of Zot
 86508 | Slime:5  | Identified the amulet "Kexebrem" {Acrobat +Blink}
 86516 | Slime:5  | Identified the +4 cloak of Dim Light {Rampage}
 86567 | Slime:5  | Identified the +2 robe "Xatyepud" {Slay+3}
 86912 | Snake:3  | Bought a scroll of enchant weapon for 150 gold pieces
 86912 | Snake:3  | Bought 5 silver javelins for 240 gold pieces
 86926 | Snake:3  | Bought a potion of magic for 104 gold pieces
 86926 | Snake:3  | Bought a potion of haste for 130 gold pieces
 87033 | Snake:1  | Bought 2 potions of haste for 380 gold pieces
 87033 | Snake:1  | Bought a potion of might for 76 gold pieces
 87033 | Snake:1  | Bought 2 potions of brilliance for 152 gold pieces
 87305 | Zot:1    | Entered Level 1 of the Realm of Zot
 87365 | Zot:1    | Identified the +1 leather armour of Instinct {rCorr Dex+2}
 87425 | Zot:1    | HP: 99/211 [black draconian knight/+1 long sword[a red
                  | draconian scorcher] (9)]
 88003 | Zot:1    | Reached skill level 19 in Stealth
 88503 | Zot:1    | Reached XP level 27. HP: 217/217 MP: 45/45
 90288 | Zot:3    | Reached skill level 16 in Summonings
 90489 | Zot:3    | Reached skill level 19 in Spellcasting
 91013 | Zot:3    | Reached skill level 20 in Invocations
 91018 | Zot:3    | Reached skill level 19 in Dodging
 92300 | Zot:4    | Reached skill level 20 in Stealth
 92557 | Zot:5    | Entered Level 5 of the Realm of Zot
 93307 | Zot:5    | Reached skill level 16 in Conjurations
 93307 | Zot:5    | Reached skill level 16 in Necromancy
 93307 | Zot:5    | Reached skill level 16 in Translocations
 93307 | Zot:5    | Reached skill level 16 in Transmutations
 93307 | Zot:5    | Reached skill level 16 in Fire Magic
 93307 | Zot:5    | Reached skill level 16 in Ice Magic
 93307 | Zot:5    | Reached skill level 16 in Air Magic
 93307 | Zot:5    | Reached skill level 16 in Earth Magic
 93307 | Zot:5    | Reached skill level 16 in Poison Magic
 93808 | Zot:5    | Reached skill level 19 in Short Blades
 94107 | Zot:5    | Noticed a dread lich
 94123 | Zot:5    | Killed a dread lich
 94354 | Zot:5    | HP: 101/220 [Killer Klown/+8 vorpal club (26)]
 95091 | Zot:5    | Noticed an orb of fire
 95110 | Zot:5    | Killed an orb of fire
 95111 | Zot:5    | Reached skill level 17 in Hexes
 95111 | Zot:5    | Reached skill level 17 in Summonings
 95126 | Zot:5    | Reached skill level 19 in Fighting
 95126 | Zot:5    | Reached skill level 19 in Long Blades
 95126 | Zot:5    | Reached skill level 19 in Axes
 95126 | Zot:5    | Reached skill level 19 in Maces & Flails
 95126 | Zot:5    | Reached skill level 19 in Polearms
 95126 | Zot:5    | Reached skill level 19 in Staves
 95126 | Zot:5    | Reached skill level 19 in Ranged Weapons
 95126 | Zot:5    | Reached skill level 19 in Throwing
 95126 | Zot:5    | Reached skill level 19 in Armour
 95126 | Zot:5    | Reached skill level 19 in Shields
 95126 | Zot:5    | Reached skill level 19 in Unarmed Combat
 95126 | Zot:5    | Reached skill level 19 in Evocations
 95175 | Zot:5    | Noticed a dread lich
 95193 | Zot:5    | Noticed a dread lich
 95202 | Zot:5    | Killed a dread lich
 95211 | Zot:5    | Killed a dread lich
 95701 | Zot:5    | Got the Orb of Zot
 95877 | Zot:1    | Noticed Jeuvotre the pandemonium lord
 96028 | D:15     | Noticed Rasyxec the pandemonium lord
 96259 | D:$      | Escaped with the Orb!

Illustrated notes

Levels and vault maps discovered:
D:1:      dpeg_arrival_pits, layout_loops_corners,
          shapermc_ecumenical_altar_flowoftime, minmay_tetromino_t2
D:2:      layout_rooms, minmay_surrounded
D:3:      layout_basic, general_overflow_altar,
          grunt_dithmenos_smoke_and_mirrors, jmf_multi_god_temple2,
          gammafunk_ghost_arena
D:4:      layout_basic, nicolae_shop_gadgets, uniq_natasha
D:5:      layout_basic
D:6:      layout_cave_pools, nicolae_overflow_crystal_walls,
          minmay_temple_entry_crystal_x, serial_bayou_pond_c
D:7:      layout_cave_pods, amcnicky_altar_gilded,
          nicolae_overflow_hidden_temple, serial_shops, nicolae_shop_trees,
          chequers_serial_rivers_micro_b, chequers_mini_garden
D:8:      layout_loops_ring
D:9:      layout_gridville, kiku_gazebo_garden_becter, gammafunk_ghost_cemetery,
          serial_bayou_lagoon_b
D:10:     minmay_cornered_nines, layout_rooms, gammafunk_ghost_hive,
          enter_bailey_4, nicolae_fountain_basement
D:11:     layout_gridville, minmay_lair_entry_grove
D:12:     layout_roguey, nicolae_shop_clearance
D:13:     layout_rooms, erik_vaults_1, guppyfry_shop_venom, uniq_josephine
D:14:     layout_loops_ring, roderic_lattice_octagonal_star, elyvilon_altar_5
D:15:     gammafunk_depths_entry_grave, layout_rooms, serial_co_window_serial,
          co_window_corner_a, co_window_paths_b, co_window_paths_a,
          co_window_of_opportunity_a, co_window_paths_a, co_window_corner_a,
          co_window_2corner, co_window_broadway_a, co_window_paths_c,
          co_window_paths_c, co_window_corner_b, co_window_broadway_c,
          co_window_unsneaky_path_e, glass_columns_a, glass_columns_c,
          glass_columns_a
Temple:   grunt_temple_mini_profane
Lair:1:   hellmonk_ruined_rings, layout_gridlike, beast_lair_carwin_6
Lair:2:   layout_gridlike, nicolae_swamp_entry_splash_gauntlet,
          guppyfry_snake_entry_island, gauntlet_entry_generic, uniq_gastronok
Lair:3:   layout_misc_corridors, uniq_sonja
Lair:4:   layout_hall_layers, minivault_19, ice2_lemuel
Lair:5:   hangedman_lair_in_review, layout_regular_city, slime_entry_1,
          minivault_19, chequers_serial_rivers_small_3,
          grunt_forest_large_clearings, serial_bayou_shore_a
Swamp:1:  layout_basic_swamp, nicolae_swamp_big_swirl, swamp_pool1,
          nicolae_swamp_oxbows, infiniplex_staircase_pool_2
Swamp:2:  nicolae_swamp_ascending_descending_big, layout_falls_marsh,
          gammafunk_ghost_split, evilmike_swamp_ruin_house_6,
          nicolae_swamp_super_fun_site
Swamp:3:  layout_basic_swamp, lemuel_altar_in_water
Swamp:4:  swamp_old_school, layout_basic_swamp, swamp_pool3,
          infiniplex_staircase_pool, uniq_donald
Snake:1:  layout_gridlike, minmay_shop_star, grunt_megastairs_2, uniq_kirke
Snake:2:  layout_rooms, nicolae_snake_snakes_in_the_grass
Snake:3:  layout_onion_interference, nicolae_wooded_promenade,
          nicolae_triple_integral
Snake:4:  johnstein_snake_rune_scales, layout_basic, grunt_megastairs_5,
          uniq_saint_roka, uniq_vashnia
Slime:1:  layout_caves, cheibrodos_slime_lost_civilization_4
Slime:2:  layout_caves, basic_altar
Slime:3:  layout_caves, nicolae_slime_ancient_tower_intersection
Slime:4:  layout_caves
Slime:5
Orc:1:    layout_caves, uniq_erica, uniq_jorgrun
Orc:2:    st_orc_rangers, layout_caves
Elf:1:    elf_arrival_001, layout_loops_ring, serial_shops, shop,
          minmay_elf_demonology
Elf:2:    elven_hall_of_blades_hangedman_alternative
          [nicolae_blade_entry_floor_patterns], layout_loops_cross,
          serial_shops, nicolae_shop_hallway_stairs, shop, shop, shop, shop
Elf:3:    minmay_elf_hall_four_x, layout_geoelf_castle, uniq_aizul
Vaults:1: portal_desolation_entry_nicolae_nacl, nicolae_vaults_theta,
          vaults_room_boxed, grunt_vaults_funnel, v_rooms_5,
          hangedman_vaults_stagger, ontoclasm_vaults_tryst, v_misc_26,
          vaults_standard_mumra_x, nicolae_vaults_specimen_jars,
          nicolae_vaults_asterisk, nicolae_vaults_little_squares_6,
          nicolae_vaults_little_squares_5, vaults_room_door_ring,
          layout_vaults_ring, uniq_zenata
Vaults:2: v_misc_19, nicolae_vaults_asterisk, nicolae_vaults_little_squares_1,
          vaults_mumra_lcd, st_hourglassy, vaults_room_octagon, v_misc_15,
          v_misc_27, minmay_crypt_entry_simple_box, nicolae_vaults_alarming,
          ontoclasm_vaults_loading_screen, layout_vaults_omnigrid
Vaults:3: nicolae_vaults_disjoint_gnomons, hangedman_vaults_nodes,
          grunt_vaults_swirl, nicolae_vaults_big_angled_halls,
          ontoclasm_vaults_ring_small, ontoclasm_vaults_shuriken,
          grunt_vaults_focal, layout_vaults_omnicross, serial_shops,
          nicolae_shop_bloodbath_and_beyond
Vaults:4: v_misc_3, vaults_room_ringed_pool, nicolae_vaults_arrows,
          grunt_vaults_trifunnel, gammafunk_sealed_arena,
          ontoclasm_vaults_gateway, v_pattern_1, hangedman_vaults_variations,
          nicolae_vaults_shelves_hall, v_rooms_5,
          nicolae_vaults_little_squares_6, layout_vaults_maze_snakey,
          serial_shops, shop
Vaults:5
Crypt:1:  cheibrodos_crypt_eye_of_stone, layout_basic, moated_statue,
          grunt_crypt_arrival_guarded_gate
Crypt:2:  layout_rooms, uniq_margery, uniq_frederick, uniq_grunn
Crypt:3:  cryptofortress_bobbens
Depths:1: layout_gridlike, nicolae_qazlal_general_emergency, lightli_too_deep,
          infiniplex_enter_wizlab_spiral, hangedman_abyss_entry_splay,
          nicolae_uskayaw_dance_hall, firewood_loft
Depths:2: minmay_distorted_concentric_squares, layout_basic,
          rand_demon_pan_entry_4, dk_noncrumbling_4, hell_entry,
          grunt_gozag_breadcrumbs, uniq_josephina, uniq_asterion
Depths:3: mu_elephants_graveyard, layout_long_grid, pf_hell_entry_tar_river,
          nicolae_abyss_entry_one_way_or_another, minmay_misc_feat_room,
          minmay_shoptagon
Depths:4: grunt_zot_entry_gee_three, layout_cave_pools, enter_ziggurat_c,
          nicolae_ru_path_of_blood, hell_entry,
          minmay_guarded_unrand_vampires_tooth, serial_bayou_shore_b,
          serial_bayou_shore_b
Zot:1:    layout_gridlike, grunt_megastairs_1
Zot:2:    layout_basic
Zot:3:    layout_gridlike, grunt_megastairs_4
Zot:4:    layout_onion_interference
Zot:5:    layout_basic, guppyfry_library_mini

Skill      XL: |  1  2  3  4  5  6  7  8  9 10 11 12 13 14 15 16 17 18 19 20 21 22 23 24 25 26 27 |
---------------+----------------------------------------------------------------------------------+-----
Spellcasting   | 5 6 7 8 9 10 11 12 13 14 15 16 17 18 19 | 19.7
Stealth        | 6 7 8 9 10 11 12 13 14 15 16 17 18 19 20 | 20.9
Invocations    | 1 2 3 4 5 6 7 8 10 11 12 13 14 15 16 17 18 19 20 | 20.6
Fighting       | 1 2 3 5 6 7 8 9 10 11 12 13 14 15 16 17 18 19 | 19.1
Long Blades    | 1 2 3 5 6 7 8 9 10 11 12 13 14 15 16 17 18 19 | 19.1
Axes           | 1 2 3 5 6 7 8 9 10 11 12 13 14 15 16 17 18 19 | 19.1
Maces & Flails | 1 2 3 5 6 7 8 9 10 11 12 13 14 15 16 17 18 19 | 19.1
Polearms       | 1 2 3 5 6 7 8 9 10 11 12 13 14 15 16 17 18 19 | 19.1
Staves         | 1 2 3 5 6 7 8 9 10 11 12 13 14 15 16 17 18 19 | 19.1
Ranged Weapons | 1 2 3 5 6 7 8 9 10 11 12 13 14 15 16 17 18 19 | 19.1
Throwing       | 1 2 3 5 6 7 8 9 10 11 12 13 14 15 16 17 18 19 | 19.1
Armour         | 1 2 3 5 6 7 8 9 10 11 12 13 14 15 16 17 18 19 | 19.1
Shields        | 1 2 3 5 6 7 8 9 10 11 12 13 14 15 16 17 18 19 | 19.1
Unarmed Combat | 1 2 3 5 6 7 8 9 10 11 12 13 14 15 16 17 18 19 | 19.1
Evocations     | 1 2 3 5 6 7 8 9 10 11 12 13 14 15 16 17 18 19 | 19.1
Conjurations   | 1 2 3 4 5 6 7 8 9 10 11 12 13 14 15 16 | 16.3
Summonings     | 1 2 3 4 5 6 7 8 9 10 11 12 13 14 15 17 | 17.2
Necromancy     | 1 2 3 4 5 6 7 8 9 10 11 12 13 14 15 16 | 16.3
Translocations | 1 2 3 4 5 6 7 8 9 10 11 12 13 14 15 16 | 16.3
Transmutations | 1 2 3 4 5 6 7 8 9 10 11 12 13 14 15 16 | 16.3
Fire Magic     | 1 2 3 4 5 6 7 8 9 10 11 12 13 14 15 16 | 16.3
Ice Magic      | 1 2 3 4 5 6 7 8 9 10 11 12 13 14 15 16 | 16.3
Air Magic      | 1 2 3 4 5 6 7 8 9 10 11 12 13 14 15 16 | 16.3
Earth Magic    | 1 2 3 4 5 6 7 8 9 10 11 12 13 14 15 16 | 16.3
Poison Magic   | 1 2 3 4 5 6 7 8 9 10 11 12 13 14 15 16 | 16.3
Short Blades   | 3 4 5 6 7 8 9 10 11 12 13 14 15 16 17 18 19 | 19.3
Dodging        | 5 6 7 8 9 10 11 12 13 14 15 16 17 18 19 | 19.6
Hexes          | 6 7 8 9 10 11 12 13 14 15 16 17 | 17.1

Action                   |  1- 3 |  4- 6 |  7- 9 | 10-12 | 13-15 | 16-18 | 19-21 | 22-24 | 25-27 || total
-------------------------+-------+-------+-------+-------+-------+-------+-------+-------+-------++-------
Melee: Dagger            |    77 |   168 |   257 |   374 |  1204 |   889 |  1365 |   778 |       ||  5112
       Bite              |     6 |    15 |    27 |    33 |   256 |   263 |   396 |   385 |   330 ||  1711
       Punch             |       |     3 |     6 |     5 |       |       |       |     2 |       ||    16
       Scimitar          |       |       |       |    27 |       |       |       |       |       ||    27
       Lance             |       |       |       |       |   186 |   348 |     1 |   137 |   291 ||   963
       Unarmed           |       |       |       |       |     3 |       |       |       |       ||     3
       Katana            |       |       |       |       |       |   271 |   267 |   110 |    79 ||   727
       Short sword       |       |       |       |       |       |       |   301 |   121 |       ||   422
       Double sword      |       |       |       |       |       |       |       |   471 |  1882 ||  2353
       Quick blade       |       |       |       |       |       |       |       |   184 |   650 ||   834
 Cast: Ensorcelled Hiber |     6 |    52 |    84 |   125 |   300 |   347 |   100 |    63 |       ||  1077
       Confusing Touch   |       |     1 |    14 |    16 |    46 |    67 |   112 |    89 |       ||   345
       Tukima's Dance    |       |       |    17 |    15 |    12 |     8 |       |       |       ||    52
       Cause Fear        |       |       |     1 |     3 |    13 |     2 |       |     2 |       ||    21
       Swiftness         |       |       |       |     2 |       |     1 |     2 |     1 |     3 ||     9
       Borgnjor's Vile C |       |       |       |       |       |    29 |     5 |    13 |       ||    47
       Alistair's Intoxi |       |       |       |       |       |       |   148 |    72 |       ||   220
       Lee's Rapid Decon |       |       |       |       |       |       |    18 |    19 |       ||    37
       Passage of Golubr |       |       |       |       |       |       |       |     4 |     2 ||     6
       Manifold Assault  |       |       |       |       |       |       |       |    81 |   632 ||   713
       Enfeeble          |       |       |       |       |       |       |       |     4 |    91 ||    95
       Dispersal         |       |       |       |       |       |       |       |     1 |     3 ||     4
       Spellforged Servi |       |       |       |       |       |       |       |       |    15 ||    15
       Iron Shot         |       |       |       |       |       |       |       |       |     4 ||     4
       Malign Gateway    |       |       |       |       |       |       |       |       |     2 ||     2
       Lehudib's Crystal |       |       |       |       |       |       |       |       |     1 ||     1
Invok: Lunge             |       |       |     4 |    37 |    99 |   108 |   150 |   110 |   105 ||   613
       Whirlwind         |       |       |       |     3 |    73 |    90 |   192 |    73 |    49 ||   480
       Serpent's Lash    |       |       |       |       |     2 |    13 |     4 |     2 |     5 ||    26
 Abil: Wall Jump         |       |       |       |       |       |     2 |     4 |       |     1 ||     7
Evoke: Wand              |       |       |       |     5 |    20 |     6 |     2 |     2 |     6 ||    41
       Phial of floods   |       |       |       |     1 |     2 |     2 |     1 |       |     1 ||     7
       Lightning rod     |       |       |       |       |     7 |     2 |       |       |       ||     9
       Phantom mirror    |       |       |       |       |     1 |     2 |       |       |       ||     3
       Tin of tremorston |       |       |       |       |     1 |     3 |       |       |       ||     4
       Condenser vane    |       |       |       |       |       |       |       |       |     1 ||     1
  Use: Scroll            |       |       |     9 |     6 |    15 |     5 |     5 |    10 |     9 ||    59
       Potion            |       |       |       |     3 |     3 |    12 |     1 |     1 |    17 ||    37
 Stab: Sleeping          |    15 |    37 |    48 |    75 |   167 |   192 |    96 |    44 |    50 ||   724
       Distracted        |       |     1 |     1 |       |     4 |     3 |     3 |     9 |    11 ||    32
       Confused          |       |     1 |    11 |     9 |    52 |    73 |   228 |   175 |       ||   549
       Invisible         |       |       |       |     6 |       |     5 |       |       |   105 ||   116
       Paralysed         |       |       |       |     3 |     2 |     1 |       |       |       ||     6
       Petrified         |       |       |       |       |     3 |       |       |       |       ||     3
       Petrifying        |       |       |       |       |     1 |       |       |       |       ||     1
Armor: Leather armour    |    20 |    46 |    89 |   126 |    22 |       |       |       |       ||   303
       Chain mail        |       |       |       |     1 |       |     6 |    23 |       |       ||    30
       Scale mail        |       |       |       |       |   536 |   575 |   418 |   344 |   463 ||  2336
Dodge: Dodged            |    33 |   107 |   161 |   244 |   499 |   528 |   312 |   372 |   665 ||  2921
       Repelled          |       |       |       |       |       |    22 |     2 |       |       ||    24
Block: Buckler           |       |       |       |    47 |   361 |   266 |       |   102 |   498 ||  1274
       Kite shield       |       |       |       |       |       |   434 |   906 |   778 |       ||  2118
       Reflection        |       |       |       |       |       |     1 |    84 |    17 |       ||   102
       Other             |       |       |       |       |       |       |       |     2 |       ||     2

Table legend: (Time is in decaauts)
 A = Elapsed time spent in this place.
 B = Non-inter-level travel time spent in this place.
 C = Inter-level travel time spent in this place.
 D = Time resting spent in this place.
 E = Time spent auto-exploring this place.
 F = Levels seen in this place.
 G = Mean time per level.
                   A        B        C        D        E       F      G
               +--------+--------+--------+--------+--------+-----+--------+
         Total |  93678 |  85383 |   8295 |  15310 |  49523 |  60 | 1561.3 |
       Dungeon |  18782 |  16292 |   2490 |   1786 |  11102 |  15 | 1252.1 |
        Temple |    209 |    185 |     24 |      0 |    182 |   1 |  209.0 |
          Lair |   8565 |   7659 |    906 |    852 |   4989 |   5 | 1713.0 |
         Swamp |   4536 |   4167 |    369 |    424 |   2355 |   4 | 1134.0 |
     Snake Pit |   8142 |   7180 |    962 |   1011 |   4212 |   4 | 2035.5 |
    Slime Pits |   3600 |   3440 |    160 |   2214 |    501 |   5 |  720.0 |
  Orcish Mines |   2734 |   2390 |    344 |    685 |   1067 |   2 | 1367.0 |
   Elven Halls |   6565 |   6061 |    504 |   1122 |   3262 |   3 | 2188.3 |
        Vaults |  14125 |  12599 |   1526 |   1549 |   8215 |   5 | 2825.0 |
         Crypt |   6147 |   5932 |    215 |   1127 |   3883 |   3 | 2049.0 |
        Depths |   8475 |   7980 |    495 |   1968 |   3717 |   4 | 2118.8 |
           Zot |   8091 |   7795 |    296 |   1425 |   4917 |   5 | 1618.2 |
        Bailey |    657 |    657 |      0 |     44 |    336 |   1 |  657.0 |
        Wizlab |    995 |    995 |      0 |    375 |    284 |   1 |  995.0 |
    Desolation |   1873 |   1873 |      0 |    725 |    359 |   1 | 1873.0 |
      Gauntlet |    175 |    175 |      0 |      0 |    139 |   1 |  175.0 |
               +--------+--------+--------+--------+--------+-----+--------+

Top non-repeatable levels by time:
Vaults:4: 3878 daAuts
Depths:3: 3423 daAuts
 Crypt:3: 3279 daAuts
 Snake:4: 3045 daAuts
Vaults:5: 2849 daAuts
   Zot:5: 2790 daAuts
Vaults:3: 2732 daAuts
   Elf:3: 2578 daAuts
Vaults:1: 2567 daAuts
  Lair:5: 2555 daAuts
   Elf:2: 2392 daAuts
 Snake:1: 2123 daAuts
Vaults:2: 2098 daAuts
  Lair:2: 2022 daAuts
Depths:2: 2009 daAuts
